 Dungeon Crawl Stone Soup version 0.31.0-11-ge490571c62 (webtiles) character file.

Game seed: 6401564125032220920

12276965 ntrailstourney the Petrodigitator (level 27, 218/218 HPs)
             Began as a Gargoyle Earth Elementalist on Jan 19, 2024.
             Was the Champion of Vehumet.
             Escaped with the Orb
             ... and 15 runes
             ... and 4 gems (all intact) on Jan 27, 2024!
             The game lasted 15:50:08 (137615 turns).

ntrailstourney the Petrodigitator (GrEE)          Turns: 137615, Time: 15:50:09

Health: 218/218    AC: 37    Str: 17    XL:     27
Magic:  67/67      EV: 20    Int: 49    God:    Vehumet [******]
Gold:   11466      SH: 21    Dex: 18    Spells: 9/70 levels left

rFire   + + +        i - +10 dagger "Conservator" {freeze, ^Fragile rC++ MP+9}
rCold   + + +        k - +5 kite shield {rC+}
rNeg    + + +        l - +3 ring mail "Posemn" {rElec rF+ rC+}
rPois   ∞            D - -2 hat of the Alchemist {rElec rPois rF+ rC+ rN+ Will+ rMut rCorr}
rElec   +            V - -2 cloak "Juikef" {rN+ Will+ Int+3}
rCorr   +            a - +0 pair of gloves of Wu Jian's Displeasure {Str-4 Int+4 Dex+2 SInv}
SInv    +            q - +0 pair of boots of Yesterday {Str+3 Int+3}
Will    +++++        g - amulet "Pauhaz" {RegenMP ^Drain Str+4 Dex+6}
Stlth   ++           I - ring of Darchist {rPois rN+ Int+6}
HPRegen 0.56/turn    p - ring of Tin Zoick {rC- rCorr MP+9 Int+5}
MPRegen 0.80/turn

%: resist mutation
@: mighty, death-form, resistant, flying, studying 6 skills, invisible
A: vile attack, torment immunity, no potions, flying, sickness immunity, AC +20,
big wings, negative energy resistance 1, electricity resistance, torment
resistance 1, petrification resistance, horns 1, iridescent scales 1,
strong-willed 1, robust 1, cold vulnerability 1
0: Orb of Zot
}: 15/15 runes: serpentine, barnacled, slimy, silver, golden, iron, obsidian,
icy, bone, abyssal, demonic, glowing, magical, fiery, dark
a: Siphon Essence, Begin Untransformation, Renounce Religion


You escaped.
You worshipped Vehumet.
Vehumet was exalted by your worship.
You were an undying horror.
You visited 18 branches of the dungeon, and saw 86 of its levels.
You visited Pandemonium 1 time, and saw 15 of its levels.
You visited the Abyss 2 times.
You completed 1 ziggurat, and saw 27 of its levels.
You also visited: Trove, Ossuary, Gauntlet and Ice Cave.

You collected 20769 gold pieces.
You spent 9303 gold pieces at shops.


Innate Abilities, Weirdness & Mutations

You are an undying horror.
Your melee and unarmed attacks drain, slow and weaken victims.
You are immune to unholy pain and torment.
You cannot drink.
You are flying.
You are immune to sickness and miasma.
Your stone body is resilient. (AC +20)
You are immune to poison.
Your large and strong wings let you fly.
You resist negative energy. (rN+)
You are resistant to electric shocks. (rElec)
You are resistant to unholy torment.
You are immune to petrification.
You have a pair of small horns on your head.
You are partially covered in iridescent scales. (AC +2)
You are strong-willed. (Will+)
You are robust. (+10% HP)
You are vulnerable to cold. (rC-)


   Skills:
 O Level 27 Fighting
 - Level 11.0 Short Blades
 - Level 6.0 Staves
 - Level 16.0 Throwing
 - Level 22.0 Armour
 - Level 16.0 Dodging
 - Level 10.0 Stealth
 - Level 20.0 Shields
 - Level 22.0 Spellcasting
 - Level 24.0 Conjurations
 - Level 5.0 Hexes
 + Level 20.0 Necromancy
 - Level 4.0 Translocations
 - Level 23.0 Fire Magic
 O Level 27 Earth Magic
 - Level 7.0 Alchemy
 - Level 11.0 Evocations
 - Level 23.0 Shapeshifting


You had 9 spell levels left.
You knew the following spells:

 Your Spells              Type           Power      Damage    Failure   Level
a - Apportation           Tloc           100%       N/A       1%          1
b - Blink                 Tloc           100%       N/A       1%          2
c - Lehudib's Crystal Sp  Conj/Erth      70%        10d16     1%          8
f - Fire Storm            Conj/Fire      68%        8d17      1%          9
l - Lee's Rapid Deconstr  Erth           72%        3d32*     0%          5
p - Passage of Golubria   Tloc           75%        N/A       1%          4
r - Borgnjor's Revivific  Necr           64%        N/A       1%          8
s - Shatter               Erth           72%        3d53*     1%          9
v - Borgnjor's Vile Clut  Necr/Erth      68%        N/A       0%          5
y - Yara's Violent Unrav  Hex/Alch       42%        3d17      1%          5
I - Irradiate             Conj/Alch      58%        3d31      1%          5

Your spell library contained the following spells:

 Spells                   Type           Power      Damage    Failure   Level
 Foxfire                  Conj/Fire      100%       2x1d9     0%          1
 Kiss of Death            Conj/Necr      100%       2d13      0%          1
 Magic Dart               Conj           100%       1d8       0%          1
 Necrotise                Necr           100%       1d9       0%          1
 Sandblast                Erth           100%       2d20      0%          1
 Shock                    Conj/Air       100%       1d9       0%          1
 Sting                    Conj/Alch      100%       1d9       0%          1
 Momentum Strike          Conj/Tloc      100%       3d10      0%          2
 Scorch                   Fire           100%       2d9       0%          2
 Searing Ray              Conj           100%       2d8       0%          2
 Static Discharge         Conj/Air       100%       3-8/arc   0%          2
 Dazzling Flash           Conj/Hex       100%       N/A       0%          3
 Fugue of the Fallen      Necr           100%       N/A       0%          3
 Hailstorm                Conj/Ice       100%       3d16      0%          3
 Inner Flame              Hex/Fire       100%       N/A       0%          3
 Mephitic Cloud           Conj/Alch/Air  100%       N/A       0%          3
 Passwall                 Erth           100%       N/A       0%          3
 Stone Arrow              Conj/Erth      100%       3d13      0%          3
 Volatile Blastmotes      Fire/Tloc      100%       2d18      0%          3
 Animate Dead             Necr           100%       N/A       0%          4
 Brom's Barrelling Bould  Conj/Erth      100%       2d11      0%          4
 Dispel Undead            Necr           100%       3d31      0%          4
 Flame Wave               Conj/Fire      100%       2d21      0%          4
 Fulminant Prism          Conj/Alch      58%        3d24      0%          4
 Ignite Poison            Fire/Alch      100%       N/A       0%          4
 Iskenderun's Mystic Bla  Conj/Tloc      100%       2d19      0%          4
 Leda's Liquefaction      Alch/Erth      60%        N/A       0%          4
 Petrify                  Alch/Erth      100%       N/A       0%          4
 Sticky Flame             Fire/Alch      100%       2d15      0%          4
 Curse of Agony           Necr           100%       N/A       0%          5
 Fireball                 Conj/Fire      68%        3d26      0%          5
 Iskenderun's Battlesphe  Conj           100%       2d15      0%          5
 Bombard                  Conj/Erth      70%        9d11      0%          6
 Starburst                Conj/Fire      68%        6d18      0%          6
 Orb of Destruction       Conj           69%        9d16      0%          7
 Freeze                   Ice            100%       1d10      1%          1
 Summon Small Mammal      Summ           100%       N/A       1%          1
 Call Imp                 Summ           100%       N/A       1%          2
 Ensorcelled Hibernation  Hex/Ice        100%       N/A       1%          2
 Jinxbite                 Hex            100%       N/A       1%          2
 Lesser Beckoning         Tloc           100%       N/A       1%          2
 Mercury Vapours          Alch/Air       100%       N/A       1%          2
 Call Canine Familiar     Summ           52%        N/A       1%          3
 Confusing Touch          Hex            80%        N/A       1%          3
 Frozen Ramparts          Ice            100%       1d16      1%          3
 Gell's Gravitas          Tloc           75%        N/A       1%          3
 Ozocubu's Armour         Ice            52%        N/A       1%          3
 Sigil of Binding         Hex            80%        N/A       1%          3
 Summon Ice Beast         Ice/Summ       52%        N/A       1%          3
 Swiftness                Air            52%        N/A       1%          3
 Teleport Other           Tloc           75%        N/A       1%          3
 Tukima's Dance           Hex            80%        N/A       1%          3
 Airstrike                Air            26%        2d(4-20)  1%          4
 Anguish                  Hex/Necr       54%        N/A       1%          4
 Animate Armour           Summ/Erth      100%       N/A       1%          4
 Cause Fear               Hex            40%        N/A       1%          4
 Dimensional Bullseye     Hex/Tloc       39%        N/A       1%          4
 Manifold Assault         Tloc           75%        N/A       1%          4
 Martyr's Knell           Necr/Summ      100%       N/A       1%          4
 Olgreb's Toxic Radiance  Alch           89%        N/A       1%          4
 Summon Blazeheart Golem  Fire/Summ      100%       N/A       1%          4
 Alistair's Intoxication  Alch           59%        N/A       1%          5
 Arcjolt                  Conj/Air       53%        1d63      1%          5
 Freezing Cloud           Conj/Ice/Air   46%        6-21      1%          5
 Conjure Ball Lightning   Conj/Air       53%        3x3d18    1%          6
 Death Channel            Necr           64%        N/A       1%          6
 Eringya's Noxious Bog    Alch           44%        4d6       1%          6
 Plasma Beam              Fire/Air       52%        2x1d67    1%          6
 Spellforged Servitor     Conj/Summ      53%        N/A       1%          7
 Ignition                 Fire           68%        3d18      1%          8
 Infestation              Necr           64%        N/A       1%          8
 Vhi's Electric Charge    Tloc/Air       100%       N/A       2%          4
 Summon Lightning Spire   Summ/Air       52%        N/A       4%          4
 Metabolic Englaciation   Hex/Ice        34%        N/A       4%          5
 Silence                  Hex/Air        34%        N/A       4%          5
 Summon Mana Viper        Hex/Summ       68%        N/A       4%          5
 Summon Forest            Summ/Tloc      32%        N/A       6%          5
 Haunt                    Necr/Summ      50%        N/A       7%          7
 Death's Door             Necr           64%        N/A       14%         9
 Dispersal                Tloc           37%        N/A       16%         6
 Sculpt Simulacrum        Ice/Alch       36%        N/A       19%         6
 Enfeeble                 Hex            40%        N/A       50%         7
 Summon Cactus Giant      Summ           26%        N/A       61%         6
 Chain Lightning          Conj/Air       53%        3d71      65%         9
 Ozocubu's Refrigeration  Ice            26%        4d13      69%         7
 Malign Gateway           Summ/Tloc      32%        N/A       88%         7
 Monstrous Menagerie      Summ           26%        N/A       99%         7
 Summon Hydra             Summ           26%        N/A       99%         7
 Discord                  Hex            40%        N/A       99%         8
 Maxwell's Capacitive Co  Air            26%        ∞         99%         8
 Disjunction              Tloc           37%        N/A       100%        8
 Summon Horrible Things   Summ           26%        N/A       100%        8
 Polar Vortex             Ice            26%        12d3*     100%        9
 Sublimation of Blood     Necr           Unusable   N/A       N/A         2
 Cigotuvi's Dreadful Rot  Necr/Alch/Air  Unusable   N/A       N/A         2

Inventory:

Hand Weapons
 i - the +10 dagger "Conservator" (weapon) {freeze, ^Fragile rC++ MP+9}
   (You found it on level 6 of a ziggurat)

   rC++:      It greatly protects you from cold.
   MP+9:      It affects your magic capacity (+9).
   ^Fragile:  It will be destroyed if unequipped.
 M - the +9 sword of Zonguldrok {reap}
   (You found it on level 3 of the Tomb of the Ancients)
 N - the +1 lajatang of Destiny {drain, ^Fragile rC+ Dex+2}
   (You found it on level 3 of the Tomb of the Ancients)

   Dex+2:     It affects your dexterity (+2).
   rC+:       It protects you from cold.
   ^Fragile:  It will be destroyed if unequipped.
Missiles
 w - 70 boomerangs
 z - 18 javelins
 K - 43 silver javelins
 U - 9 throwing nets {=f!f}
Armour
 a - the +0 pair of gloves of Wu Jian's Displeasure (worn) {Str-4 Int+4 Dex+2 SInv}
   (You found it in Pandemonium)

   Str-4:     It affects your strength (-4).
   Int+4:     It affects your intelligence (+4).
   Dex+2:     It affects your dexterity (+2).
   SInv:      It lets you see invisible.
 k - a +5 kite shield of cold resistance (worn)
   (You took it off a tengu warrior on level 3 of the Depths)
 l - the +3 ring mail "Posemn" (worn) {rElec rF+ rC+}
   (You found it on level 2 of the Realm of Zot)

   rF+:       It protects you from fire.
   rC+:       It protects you from cold.
   rElec:     It insulates you from electricity.
 q - the +0 pair of boots of Yesterday (worn) {Str+3 Int+3}
   (You acquired it on level 2 of the Orcish Mines)

   Str+3:     It affects your strength (+3).
   Int+3:     It affects your intelligence (+3).
 D - the -2 hat of the Alchemist (worn) {rElec rPois rF+ rC+ rN+ Will+ rMut rCorr}
   (You bought it in a shop on level 3 of the Vaults)

   rF+:       It protects you from fire.
   rC+:       It protects you from cold.
   rElec:     It insulates you from electricity.
   rPois:     It protects you from poison rN+: It protects you from negative
   energy.
   Will+:     It increases your willpower.
   rCorr:     It protects you from acid and corrosion.
   rMut:      It protects you from mutation.
 V - the -2 cloak "Juikef" (worn) {rN+ Will+ Int+3}
   (You found it in Pandemonium)

   Int+3:     It affects your intelligence (+3).
   rN+:       It protects you from negative energy.
   Will+:     It increases your willpower.
Magical Staves
 G - the staff "Roisil" {rN+ Will+ SInv Necro Alchemy, !a}
   (You found it on level 3 of the Tomb of the Ancients)

   [staff of death]

   Base accuracy: +5 Base damage: 5 Base attack delay: 1.2 This weapon's minimum
   attack delay (0.6) is reached at skill level 12.
   rN+:       It protects you from negative energy.
   Will+:     It increases your willpower.
   SInv:      It lets you see invisible.
   Necro:     It increases the power of your Necromancy spells.
   Alchemy:   It increases the power of your Alchemy spells.
   It falls into the 'Staves' category.
   It is a one-handed weapon.
Jewellery
 g - the amulet "Pauhaz" (around neck) {RegenMP ^Drain Str+4 Dex+6}
   (You took it off a frost giant on level 5 of the Vaults)

   [amulet of magic regeneration]

   RegenMP:   It increases your rate of magic regeneration.
   Str+4:     It affects your strength (+4).
   Dex+6:     It affects your dexterity (+6).
   ^Drain:    It drains your maximum health when unequipped.
 p - the ring of Tin Zoick (right hand) {rC- rCorr MP+9 Int+5}
   (You found it on level 3 of the Crypt)

   [ring of magical power]

   Int+5:     It affects your intelligence (+5).
   rC-:       It makes you vulnerable to cold.
   MP+9:      It affects your magic capacity (+9).
   rCorr:     It protects you from acid and corrosion.
 I - the ring of Darchist (left hand) {rPois rN+ Int+6}
   (You found it on level 19 of a ziggurat)

   [ring of intelligence]

   Int+6:     It affects your intelligence (+6).
   rPois:     It protects you from poison rN+: It protects you from negative
   energy.
Talismans
 r - a talisman of death (active)
   (You found it on level 3 of the Crypt)
Wands
 m - a wand of roots (74)
   (You found it on level 13 of the Dungeon)
 J - a wand of acid (32)
   (You found it on level 6 of the Dungeon)
 O - a wand of flame (146)
   (You found it on level 3 of the Realm of Zot)
 R - a wand of digging (38)
   (You found it in a Gauntlet)
Scrolls
 b - 14 scrolls of fog
 f - 6 scrolls of immolation {!r!r}
 h - 8 scrolls of revelation
 j - 10 scrolls of blinking {!r}
 s - a scroll of butterflies
 v - 50 scrolls of teleportation {@r4}
 x - a scroll of torment {!r}
 y - 2 scrolls of vulnerability {!r!r}
 C - 17 scrolls of fear
Potions
 c - 32 potions of mutation {!q}
 d - 8 potions of resistance
 o - 11 potions of lignification {!q}
 u - 7 potions of invisibility
 B - 11 potions of heal wounds {@q2}
 E - a potion of ambrosia
 F - 20 potions of curing {@q1}
 P - 4 potions of haste {@q3}
 S - 14 potions of magic
 W - 9 potions of might
 X - 2 potions of cancellation
 Y - 5 potions of brilliance
Miscellaneous
 e - a phantom mirror
   (You found it on level 2 of the Snake Pit)
 n - a box of beasts
   (You found it on level 4 of the Shoals)
 t - the horn of Geryon
   (You took it off Geryon in the Vestibule of Hell)
 A - a phial of floods
   (You found it on level 1 of the Vaults)
 H - a lightning rod (4/4)
   (You found it in a Gauntlet)
 L - a condenser vane
   (You found it on level 2 of the Snake Pit)
 Q - 2 +1 figurines of a ziggurat

Dungeon Overview and Level Annotations

Branches:
Dungeon (15/15)            Temple (1/1) D:5            Lair (5/5) D:8
 Shoals (4/4) Lair:3        Snake (4/4) Lair:2        Slime (5/5) Lair:5
    Orc (2/2) D:10            Elf (3/3) Orc:2        Vaults (5/5) D:13
  Crypt (3/3) Vaults:2       Tomb (3/3) Crypt:3      Depths (4/4) D:15
   Hell (visited)             Dis (7/7) Hell            Geh (7/7) Hell
    Coc (7/7) Hell            Tar (7/7) Hell            Zot (5/5) Depths:4
Ossuary (visited)           IceCv (visited)         Gauntlet (visited)

Altars:
Ashenzari
Cheibriados
Dithmenos
Elyvilon
Fedhas
Gozag
Hepliaklqana
Kikubaaqudgha
Makhleb
Nemelex Xobeh
Okawaru
Qazlal
Ru
Sif Muna
Trog
Uskayaw
Vehumet
Wu Jian
Xom
Yredelemnul
Zin
The Shining One
Jiyva

Shops:
Orc:2 *[?(   Elf:3 ?*!=   Snake:4 (*   Vaults:2 :   Vaults:3 :*[*
Depths:1 =:=   Depths:4 (

Portals:
Hell: Depths:1 Depths:2 Depths:3 Depths:4
Abyss: Depths:2 Depths:3
Pandemonium: Depths:1 Depths:2

Annotations:
Elf:2 3 runed translucent doors
Zot:5 1 exclusion

#.##.##..# #............#
#....##..# #######..##.##
#..####..########## ##.##.#
#..##..#..........# #.##.#
#..#..###...###...### #.##.##
#)...##.....b.......# #.#...#
##.#..#.....b.......## #.##.##
.........###bb.###...# #.##.#
##.#.#...#.blbbbz#...####.##.#
.).#.#...#.b.b.b.#........##.#
.....##....bbbbbbb..########.#
####.##....b.#bb....# #####.#
#..#..........bb.## #.....#
##....#....b..#...# #.#####
#....#>......#...# #.#
##...###..)###...# #.########
##.............## #.........


You could see a frilled lizard (unable to see you, ally target).


Message History

The Ice Fiend is burned terribly!
The Ice Fiend roars! 😎 MP[-8]
You lost 8 mp, and now have 59/67 mp.
Casting: Fire Storm (mildly dangerous; 1% risk of failure)
Confirm with . or Enter, or press ? or * to list all spells.
Aiming: Fire Storm (mildly dangerous; 1% risk of failure)
Press: ? - help, Dir - move target A raging storm of fire appears!
The great blast of fire engulfs the Ice Fiend!!!!
The Ice Fiend is burned terribly!
You kill the Ice Fiend!
Vehumet accepts your kill.
You feel your power returning.
Your Necromancy skill increases to level 20! 😎 MP[-2]
You lost 2 mp, and now have 57/67 mp. 😎 MP[+1] 😎 MP[+1] 😎 MP[+1] 😎 MP[+1] 😎 MP[+1]
There is a stone staircase leading up here.
You start resting. 😎 MP[+5]
Your mp is fully restored (67).
You fly upwards.
There is a stone staircase leading down here.
You see here a +0 flail.
You see here a +0 dagger.
There is a stone staircase leading up here.
You fly upwards.
There is a stone staircase leading down here.
A lorocyproca comes into view.
The lorocyproca gives a chilling moan.
Aiming: Lehudib's Crystal Spear (mildly dangerous; 1% risk of failure)
Press: ? - help, Q - select action, (/) - cycle Shift-Dir - straight line, f - lorocyproca
Aim: a lorocyproca (slightly transparent, 81% to hit)
The crystal spear hits the lorocyproca!!!!
You kill the lorocyproca!
Vehumet accepts your kill.
You feel your power returning. 😎 MP[-4]
You lost 4 mp, and now have 63/67 mp.
There is a stone staircase leading up here. 😎 MP[+4]
Your mp is fully restored (67).
You fly upwards.
There is a stone staircase leading down here.
You see here a +0 rapier.
There is a stone staircase leading up here.
You fly upwards.
There is a stone staircase leading down here.
There is a stone staircase leading up here.
You fly upwards.
There is a stone staircase leading down here.
An Orb Guardian comes into view.
Aiming: Lehudib's Crystal Spear (mildly dangerous; 1% risk of failure)
Press: ? - help, Q - select action, (/) - cycle Shift-Dir - straight line, f - Orb Guardian
Aim: an Orb Guardian (79% to hit)
The crystal spear hits the Orb Guardian!!!! 😎 MP[-7]
You lost 7 mp, and now have 60/67 mp.
Aiming: Lehudib's Crystal Spear (mildly dangerous; 1% risk of failure)
Press: ? - help, Q - select action, (/) - cycle Shift-Dir - straight line, f/p - Orb Guardian
Aim: an Orb Guardian (almost dead, 79% to hit)
The crystal spear hits the Orb Guardian!!!!
You kill the Orb Guardian!
Vehumet accepts your kill.
You feel your power returning. 😎 MP[-2]
You lost 2 mp, and now have 58/67 mp.
There is an escape hatch in the ceiling here.
You start resting. 😎 MP[+9]
Your mp is fully restored (67).
A mysterious force pulls you upwards. The hatch slams shut behind you.
The frilled lizard hisses angrily.
There is a staircase leading out of the dungeon here.
You feel very mighty all of a sudden.
You feel protected.
You fade into invisibility!
You are confused.
You feel invigorated.
You feel better.
You feel less invigorated.
A frilled lizard is nearby!
You block the frilled lizard's attack.
You begin transforming.
You continue transforming.
The frilled lizard closely misses you.
You continue transforming.
You block the frilled lizard's attack.
You continue transforming.
You block the frilled lizard's attack.
Your flesh twists and warps into a mockery of life!
As you read the scroll of butterflies, it crumbles to dust.
You hear the flapping of tiny wings.
The frilled lizard is knocked back by the sudden gust.
The frilled lizard barely misses your butterfly.
The frilled lizard closely misses your butterfly.
You have escaped!

Skill      XL: |  1  2  3  4  5  6  7  8  9 10 11 12 13 14 15 16 17 18 19 20 21 22 23 24 25 26 27 |
---------------+----------------------------------------------------------------------------------+-----
Fighting       | 1 2 3 4 6 8 11 13 14 15 16 17 18 19 27 | 27.0
Stealth        | 3 4 5 6 7 10 | 10.0
Earth Magic    | 4 5 6 8 10 13 14 15 16 17 18 19 23 27 | 27.0
Conjurations   | 2 3 4 5 6 8 9 11 12 13 15 16 24 | 24.0
Spellcasting   | 4 6 9 10 12 13 15 16 17 18 22 | 22.0
Armour         | 2 4 5 6 7 8 10 12 22 | 22.0
Dodging        | 2 3 5 7 8 10 11 12 14 16 | 16.0
Shields        | 5 9 13 15 20 | 20.0
Evocations     | 3 4 11 | 11.0
Hexes          | 3 4 5 |  5.0
Alchemy        | 3 4 5 6 7 |  7.0
Fire Magic     | 2 23 | 23.0
Shapeshifting  | 1 5 10 23 | 23.0
Throwing       | 6 10 16 | 16.0
Short Blades   | 11 | 11.0
Staves         | 6 |  6.0
Necromancy     | 20 | 20.0
Translocations | 4 |  4.0

Action                     |  1- 3 |  4- 6 |  7- 9 | 10-12 | 13-15 | 16-18 | 19-21 | 22-24 | 25-27 || total
---------------------------+-------+-------+-------+-------+-------+-------+-------+-------+-------++-------
  Melee: Spear             |       |     1 |    11 |       |       |       |       |       |       ||    12
         Dagger            |       |       |     2 |    45 |   139 |    93 |     6 |    19 |   210 ||   514
         Punch             |       |       |       |       |     1 |       |       |       |       ||     1
         Headbutt          |       |       |       |       |       |       |       |       |    34 ||    34
         Staff             |       |       |       |       |       |       |       |       |     9 ||     9
  Throw: Stone             |       |       |       |     2 |     3 |       |       |       |       ||     5
         Dart              |       |       |       |       |     3 |       |     5 |       |     7 ||    15
         Javelin           |       |       |       |       |       |       |       |       |    21 ||    21
         Throwing net      |       |       |       |       |       |       |       |       |     1 ||     1
   Cast: Sandblast         |    60 |    79 |    65 |    35 |   166 |    23 |    26 |       |       ||   454
         Stone Arrow       |       |    10 |   134 |   327 |   297 |    50 |    73 |     9 |   576 ||  1476
         Brom's Barrelling |       |       |       |    72 |    57 |    21 |     1 |       |       ||   151
         Lee's Rapid Decon |       |       |       |    14 |   130 |   239 |   326 |   135 |   504 ||  1348
         Bombard           |       |       |       |       |   147 |   395 |   303 |    90 |    69 ||  1004
         Iskenderun's Batt |       |       |       |       |    78 |    11 |    19 |     6 |   144 ||   258
         Irradiate         |       |       |       |       |       |    25 |    31 |    22 |   173 ||   251
         Yara's Violent Un |       |       |       |       |       |    21 |    36 |     8 |    77 ||   142
         Lehudib's Crystal |       |       |       |       |       |       |       |   171 |   682 ||   853
         Shatter           |       |       |       |       |       |       |       |   177 |   974 ||  1151
         Fire Storm        |       |       |       |       |       |       |       |       |   242 ||   242
         Borgnjor's Vile C |       |       |       |       |       |       |       |       |   139 ||   139
         Blink             |       |       |       |       |       |       |       |       |    12 ||    12
Ability: Begin Untransform |       |       |       |       |       |       |       |       |     4 ||     4
  Evoke: Wand              |       |       |     1 |     8 |     6 |     1 |     2 |     2 |    80 ||   100
         Lightning rod     |       |       |       |       |     2 |       |     3 |     3 |    39 ||    47
         Phantom mirror    |       |       |       |       |       |       |     1 |     1 |     6 ||     8
         Condenser vane    |       |       |       |       |       |       |       |     1 |     1 ||     2
         Horn of Geryon    |       |       |       |       |       |       |       |       |     7 ||     7
         Box of beasts     |       |       |       |       |       |       |       |       |     7 ||     7
    Use: Potion            |       |     1 |       |     1 |       |       |     6 |     2 |    68 ||    78
         Scroll            |       |     3 |     5 |     7 |    10 |    14 |     9 |     2 |    51 ||   101
   Stab: Distracted        |       |       |       |       |       |       |       |       |     1 ||     1
         Paralysed         |       |       |       |       |       |       |       |       |     3 ||     3
 Armour: Robe              |     3 |     8 |    13 |    82 |   206 |   213 |    93 |       |       ||   618
         Leather armour    |       |       |    22 |    18 |       |       |       |       |       ||    40
         Skin              |       |       |       |    23 |       |       |       |       |    22 ||    45
         Ring mail         |       |       |       |       |       |       |   112 |   165 |   923 ||  1200
         Fire dragon scale |       |       |       |       |       |       |       |       |    57 ||    57
  Dodge: Dodged            |     6 |    11 |    78 |   237 |   408 |   239 |    92 |    55 |   630 ||  1756
  Block: Buckler           |       |       |       |       |    24 |    81 |       |       |       ||   105
         Kite shield       |       |       |       |       |       |    54 |   156 |    84 |   899 ||  1193
   Form: Death             |       |       |       |       |       |       |       |       |     5 ||     5

Levels and vault maps discovered:
D:1:      minmay_arrival_open_corners, layout_loops_ring,
          lexackson_kobold_supper
D:2:      layout_basic, basic_altar, hellmonk_ecumenical_altar_defaced_shrine
D:3:      layout_loops_ring
D:4:      minmay_evil_eye, layout_rooms, gammafunk_ghost_mausoleum,
          minmay_hedge_maze, nicolae_concentric_dashed_squares_mild,
          uniq_duvessa
D:5:      layout_basic, minmay_temple_entry_junction, minmay_diced_spiral,
          uniq_grinder
D:6:      layout_cave_pods, zin_statuary, okawaru_gym_becter,
          lightli_ossuary_entry_decrepit_ruins
D:7:      layout_cave_pools, lemuel_tele_altar
D:8:      layout_loops_ring, trog_book, hellmonk_lair_entry_icy,
          solitary_fountain, nicolae_looking_at_the_future
D:9:      layout_loops_corners
D:10:     layout_grid_maze, erik_orc_4, david_defended_altar_orc
D:11:     layout_small_grid, portal_ice_cave_entry_imps, nooodl_orcs_dogs,
          uniq_lodul, uniq_grum
D:12:     layout_loops_cross, gauntlet_entry_generic, minivault_5
D:13:     layout_loops_ring, ximxim_vaults_locker_room, kennysheep_nub,
          chequers_serial_rivers_micro_c
D:14:     layout_grid_maze, nicolae_two_hexagons
D:15:     gammafunk_enter_depths_forms, layout_basic, ashenzari_altar_1
Temple:   hc_temple_tempest_star
Lair:1:   layout_small_grid, special_room, minmay_lair_oklob_bushes,
          serial_bayou_shore_b
Lair:2:   layout_cave_pods, minmay_snake_entry_six_corridors,
          gammafunk_ghost_split, chequers_serial_rivers_small_3,
          hangedman_tree_tricks, beast_lair_carwin_8
Lair:3:   layout_roguey, mainiacjoe_shoals_entry_four_pools, basic_altar,
          ebering_ghost_rock_garden, special_room [special_room_mythical_zoo]
Lair:4:   layout_roguey, grunt_megastairs_2, uniq_josephine
Lair:5:   guppyfry_lair_end_dragon, layout_regular_city,
          hangedman_lair_tendril_chambers, nicolae_slime_entry_field_trip,
          lemuel_fruit_tree, uniq_sonja
Shoals:1: layout_shoals, serial_shops, nicolae_shop_back_alley_shop,
          lightli_airlock
Shoals:2: layout_shoals, kb_tengu_band
Shoals:3: layout_shoals, uniq_donald, uniq_roxanne
Shoals:4: shoals_end_hellmonk_storm_palace [storm_palace_center_ruins,
          storm_palace_corner_blocked, storm_palace_corner_reverse_hut,
          storm_palace_corner_grid, storm_palace_corner_narrow]
Snake:1:  layout_gridlike, fake_guardian_serpent_vault, grunt_megastairs_5,
          serial_bayou_shore_a, uniq_nikola
Snake:2:  layout_onion_interference, serial_bayou_pond_e,
          nicolae_snake_salamander_fort, uniq_vashnia
Snake:3:  layout_rooms
Snake:4:  snake_pit, layout_cave_town, serial_bayou_shore_b, minmay_shoptagon,
          serial_bayou_shore_b
Slime:1:  layout_caves, cheibrodos_slime_lost_civilization_5
Slime:2:  layout_caves
Slime:3:  layout_caves, nicolae_slime_round_cave
Slime:4:  layout_caves
Slime:5:  slime_pit_nicolae_royal_road_to_ruin
Orc:1:    layout_caves
Orc:2:    grunt_orc_tribal_feast, layout_caves, minmay_orc_temple_c
Elf:1:    layout_loops_cross, minmay_elf_demonology, uniq_asterion
Elf:2:    nicolae_elf_blades_splatter_lattice
          [nicolae_blade_entry_crossed_weapons], layout_geoelf_octagon,
          uniq_louise, uniq_azrael, uniq_saint_roka, uniq_jorgrun
Elf:3:    minmay_elf_hall_statues, layout_gridlike, serial_shops, shop,
          minmay_shop_star
Vaults:1: v_alt_pattern_6, nicolae_vaults_variable_pillar_hall,
          nicolae_vaults_little_squares_1, ontoclasm_vaults_tryst,
          nicolae_vaults_asterisk, serial_ice_h, nicolae_vaults_network_star,
          vaults_mumra_minichess_inversion, nicolae_vaults_tetromino_L_2,
          nicolae_vaults_sesquioval_fish, nicolae_vaults_six-pack,
          nicolae_vaults_double_plus_1, nicolae_vaults_sightless_eye,
          layout_vaults_big_room
Vaults:2: vaults_room_pools, nicolae_vaults_lightning_bolt,
          vaults_dpeg_diagonal, minmay_crypt_entry_simple_plaza,
          nicolae_vaults_network_quinsquares
          [nicolae_vaults_network_quincunx_subvault,
          nicolae_vaults_network_quincunx_subvault,
          nicolae_vaults_network_quincunx_subvault,
          nicolae_vaults_network_quincunx_subvault], vaults_dpeg_encased_lava,
          nicolae_vaults_sesquioval_fish, nicolae_vaults_tetromino_Z_1,
          layout_vaults_omnigrid, serial_shops, nicolae_shop_waterfront,
          uniq_norris, uniq_margery
Vaults:3: nicolae_vaults_oval_intersection, kennysheep_vaults_gozag_temple,
          v_alt_pattern_5, v_misc_8, grunt_vaults_diagonal, v_misc_11,
          hangedman_vaults_stitches, nicolae_vaults_house_1,
          nicolae_vaults_turnstiles, nicolae_vaults_network_square,
          grunt_vaults_funnel, ontoclasm_vaults_ligature,
          nicolae_vaults_storage_room_glass, nicolae_vaults_two_Ls,
          nicolae_vaults_oval_intersection, layout_vaults_ring, serial_shops,
          shop, serial_glass
Vaults:4: vaults_mumra_lcd, vaults_dpeg_hooks, v_misc_2,
          nicolae_vaults_sesquioval_fish, nicolae_vaults_surprise_closet,
          serial_ice_h, v_misc_33, v_pattern_4, hangedman_vaults_nodes,
          nicolae_vaults_little_squares_2, nicolae_vaults_offset_grid_hallway_1,
          ontoclasm_vaults_shuriken, nicolae_vaults_oozy_zoo,
          layout_vaults_omnibox, uniq_bai_suzhen
Vaults:5: serial_shops
Crypt:1:  nicolae_crypt_knochenhaus, layout_rooms, serial_corexii_hall,
          corexii_hall_statues_l, corexii_hall_statues_deadend,
          corexii_hall_statues_i, corexii_hall_statues_x, uniq_boris
Crypt:2:  layout_misc_corridors, pandoras_box_mu, uniq_jory
Crypt:3:  lightli_unholy_cathedral, layout_chaotic_city,
          nicolae_crypt_deepening_niches, uniq_grunn, uniq_zenata, uniq_khufu
Tomb:1
Tomb:2
Tomb:3
Depths:1: layout_roguey, hangedman_tar_grid_catacomb, enter_trove_2,
          chequers_serial_rivers_micro_d, rand_demon_pan_entry_7,
          fedhas_altar_3, minmay_shop_grove, hangedman_decor_cross_pass
Depths:2: minmay_connected_triangles_in_corner, layout_basic, hell_entry,
          rand_demon_pan_entry_8, abyss_entry, hex_intersection,
          minmay_misc_feat_alley, serial_bayou_pond_e, minivault_15,
          infiniplex_staircase_x
Depths:3: box_level_dp, abyss_entry, hell_entry, uniq_vv, uniq_enchantress
Depths:4: grunt_x_marks_the_spot, layout_honeycomb, serial_bayou_lagoon_a,
          hell_entry, serial_shops, nicolae_diamond_shop, lemuel_flamethrower_2,
          uniq_mennas
Hell
Dis:1:    layout_subdivisions
Dis:2:    layout_regular_city
Dis:3:    layout_gridville
Dis:6:    layout_gridville
Dis:7:    dis_grunt_layers
Geh:1:    layout_gehenna_lava_caves
Geh:2:    layout_gehenna_pools_box, tekkud_geh_sculpture_garden
Geh:3:    layout_gehenna_pools_basic
Geh:4:    layout_gehenna_lava_caves
Geh:5:    layout_gehenna_lava_caves
Geh:6:    layout_gehenna_pools_basic
Geh:7:    evilmike_geh
Coc:1:    layout_ice_bergs
Coc:2:    layout_cocytus_delve, nicolae_coc_icecubes
Coc:3:    layout_cocytus_delve
Coc:4:    nooodl_cocytus_jagged_cave
Coc:5:    layout_cocytus_delve
Coc:6:    layout_cocytus_water_paths
Coc:7:    coc_hangedman
Tar:1:    layout_cathedral_of_symmetry, nicolae_tar_grid_combs
Tar:2:    layout_cathedral_of_symmetry
Tar:3:    layout_grid_maze
Tar:4:    layout_cathedral_of_symmetry, tekkud_tar_snaking_path
Tar:5:    layout_honeycomb
Tar:6:    layout_grid_maze
Tar:7:    tar_grunt_cathedral
Zot:1:    layout_twisted_circle, regret_index_zotdec_banners, grunt_megastairs_4
Zot:2:    layout_basic, amethyst_zot_foddershock
Zot:3:    lemuel_draconian_sentries, layout_onion,
          regret_index_zotdec_under_construction
Zot:4:    layout_twisted_circle
Zot:5:    layout_basic, regret_index_zotdec_plus

Notes
Turn   | Place    | Note
-------+----------+-------------------------------------------
     0 | D:1      | ntrailstourney the Gargoyle Earth Elementalist began the
                  | quest for the Orb.
     0 | D:1      | Reached XP level 1. HP: 10/10 MP: 3/3
     0 | D:1      | magus.rc [v1.11.3]
   264 | D:1      | Reached XP level 2. HP: 16/16 MP: 3/5
   279 | D:1      | Reached skill level 1 in Fighting
   664 | D:1      | Reached XP level 3. HP: 20/20 MP: 4/6
   918 | D:1      | Reached skill level 3 in Stealth
   918 | D:1      | Reached skill level 4 in Earth Magic
   995 | D:1      | You fall into a shaft and drop 1 floor!
  1042 | D:2      | Learned a level 3 spell: Stone Arrow
  1349 | D:2      | Reached skill level 2 in Fighting
  1542 | D:2      | Reached skill level 2 in Conjurations
  1542 | D:2      | Reached XP level 4. HP: 26/26 MP: 5/7
  2241 | D:2      | Found a faded altar of an unknown god.
  2648 | D:2      | Found an ornate altar of the Wu Jian Council.
  2888 | D:3      | Noticed an ice beast
  3084 | D:3      | Reached XP level 5. HP: 24/31 MP: 3/8
  3527 | D:3      | You pick up a book of Blood and begin reading...
  3527 | D:3      | You add the spells Call Imp and Summon Hydra to your
                  | library.
  3598 | D:3      | Killed an ice beast
  3599 | D:3      | Reached skill level 3 in Fighting
  3599 | D:3      | Reached skill level 3 in Conjurations
  3599 | D:3      | Reached skill level 5 in Earth Magic
  3599 | D:3      | Reached XP level 6. HP: 26/37 MP: 7/9
  4072 | D:4      | Found a transporter.
  4072 | D:4      | Noticed Stirner's ghost (novice BaWr)
  4075 | D:4      | Found a transporter.
  4085 | D:4      | You pick up a book of Geomancy and begin reading...
  4461 | D:4      | Reached skill level 4 in Stealth
  4578 | D:4      | Noticed Duvessa
  4594 | D:4      | Noticed Dowan
  5208 | D:5      | Entered Level 5 of the Dungeon
  5212 | D:5      | Noticed Grinder
  5261 | D:5      | Reached XP level 7. HP: 42/42 MP: 6/11
  5330 | D:5      | You pick up a book of the Earth and begin reading...
  5330 | D:5      | You add the spells Leda's Liquefaction, Lee's Rapid
                  | Deconstruction and Bombard to your library.
  5399 | D:5      | Reached skill level 3 in Spellcasting
  5667 | D:5      | Reached skill level 4 in Fighting
  5919 | D:5      | Reached skill level 6 in Earth Magic
  5925 | D:5      | Reached skill level 4 in Conjurations
  6030 | D:5      | Paralysed by Grinder for 2 turns
  6042 | D:5      | Paralysed by Grinder for 4 turns
  6055 | D:5      | Killed Grinder
  6056 | D:5      | Reached skill level 4 in Spellcasting
  6056 | D:5      | Reached XP level 8. HP: 48/48 MP: 1/14
  6219 | D:5      | Found a staircase to the Ecumenical Temple.
  6226 | Temple   | Entered the Ecumenical Temple
  6242 | Temple   | magus.rc [v1.11.3]
  6270 | D:5      | Identified the +2 leather armour of the Gloaming {Slay+2}
  6654 | D:5      | magus.rc [v1.11.3]
  6742 | D:5      | Reached skill level 1 in Armour
  6742 | D:5      | Reached skill level 5 in Conjurations
  6870 | D:6      | Found an iron altar of Okawaru.
  6941 | D:6      | Found a sand-covered staircase.
  7022 | Ossuary  | Entered an ossuary
  7077 | Ossuary  | Reached skill level 2 in Armour
  7258 | Ossuary  | Reached skill level 5 in Spellcasting
  7264 | Ossuary  | Reached skill level 5 in Fighting
  8254 | D:6      | Reached skill level 6 in Fighting
  8379 | D:6      | Reached skill level 6 in Spellcasting
  8471 | D:6      | Reached XP level 9. HP: 55/55 MP: 11/18
  8617 | D:6      | Identified the +9 dagger of Deasyile {pain, rElec rCorr}
  8900 | D:6      | You pick up a book of the Spheres and begin reading...
  8900 | D:6      | You add the spells Iskenderun's Battlesphere, Fireball,
                  | Conjure Ball Lightning and Orb of Destruction to your
                  | library.
  8996 | D:6      | Reached skill level 7 in Spellcasting
  9584 | D:6      | Found a glowing silver altar of Zin.
 10096 | D:7      | Noticed a troll
 10103 | D:7      | Killed a troll
 10104 | D:7      | Reached skill level 8 in Spellcasting
 10663 | D:7      | Found a radiant altar of Vehumet.
 10742 | D:7      | Reached skill level 9 in Spellcasting
 10787 | D:7      | You pick up a book of Beasts and begin reading...
 10787 | D:7      | You add the spells Summon Ice Beast, Summon Mana Viper and
                  | Monstrous Menagerie to your library.
 11191 | D:7      | Became a worshipper of Vehumet
 11289 | D:4      | Killed Duvessa
 11292 | D:4      | Killed Dowan
 11505 | D:8      | Found a bloodstained altar of Trog.
 11527 | D:8      | Noticed a polar bear
 11544 | D:8      | Killed a polar bear
 11545 | D:8      | Reached XP level 10. HP: 60/60 MP: 13/23
 11721 | D:8      | Reached skill level 2 in Dodging
 11987 | D:8      | Reached skill level 5 in Stealth
 12374 | D:8      | Found a staircase to the Lair.
 13691 | D:8      | Learned a level 4 spell: Brom's Barrelling Boulder
 13697 | D:8      | Learned a level 5 spell: Lee's Rapid Deconstruction
 14222 | D:9      | Noticed a kobold demonologist
 14251 | D:9      | Noticed a rust devil
 14258 | D:9      | Reached skill level 6 in Conjurations
 14258 | D:9      | Reached skill level 7 in Earth Magic
 14765 | D:9      | Identified the +0 ring mail of the Nexus {Dex+6}
 14893 | D:10     | Entered Level 10 of the Dungeon
 14918 | D:10     | Reached skill level 7 in Fighting
 14918 | D:10     | Reached skill level 10 in Spellcasting
 15115 | D:10     | Reached * piety under Vehumet
 15115 | D:10     | Offered knowledge of Shock by Vehumet.
 15399 | D:10     | Reached skill level 8 in Earth Magic
 15556 | D:10     | Found a staircase to the Orcish Mines.
 15782 | D:10     | Reached skill level 8 in Fighting
 16178 | D:10     | Reached XP level 11. HP: 69/69 MP: 11/25
 16476 | D:10     | Reached skill level 9 in Earth Magic
 16706 | Lair:1   | Entered Level 1 of the Lair of Beasts
 16707 | Lair:1   | Upgraded the game from 0.31.0 to 0.31.0-4-g52a2dc7128
 16707 | Lair:1   | magus.rc [v1.11.3]
 17082 | Lair:1   | Reached skill level 9 in Fighting
 17553 | Lair:1   | magus.rc [v1.11.3]
 17622 | Lair:1   | Noticed an oklob plant
 17751 | Lair:1   | Reached skill level 7 in Conjurations
 17776 | Lair:1   | Reached skill level 10 in Fighting
 18091 | Lair:1   | Reached skill level 10 in Earth Magic
 19788 | Lair:1   | Identified the +0 cloak of Cuky {rF+ rN++ Stlth+}
 19968 | Lair:2   | Found a runed translucent gate.
 19968 | Lair:2   | Found a runed translucent gate.
 19968 | Lair:2   | Found a runed translucent gate.
 20058 | Lair:2   | Offered knowledge of Magic Dart by Vehumet.
 20067 | Lair:2   | Reached ** piety under Vehumet
 20227 | Lair:2   | Reached skill level 8 in Conjurations
 20337 | Lair:2   | Reached skill level 11 in Fighting
 20337 | Lair:2   | Reached XP level 12. HP: 80/80 MP: 1/26
 20700 | Lair:2   | Reached skill level 11 in Earth Magic
 21258 | Lair:2   | Reached skill level 9 in Conjurations
 21383 | Lair:2   | Noticed a catoblepas
 21385 | Lair:2   | Noticed Reubyar's ghost (journeyman MiBe)
 21389 | Lair:2   | Noticed a catoblepas
 21403 | Lair:2   | Identified the maw talisman "Buhussash" {rN+ Slay+3 Stlth-}
 21571 | Lair:2   | Found a blossoming altar of Fedhas.
 21624 | Lair:2   | Offered knowledge of Hailstorm by Vehumet.
 21731 | Lair:2   | Reached skill level 12 in Fighting
 21825 | Lair:2   | Reached skill level 12 in Earth Magic
 21959 | Lair:2   | Found a staircase to the Snake Pit.
 22301 | Lair:2   | magus.rc [v1.11.3]
 22454 | Lair:2   | Reached *** piety under Vehumet
 22787 | Lair:3   | Noticed a skyshark
 22796 | Lair:3   | Killed a skyshark
 22935 | Lair:3   | Offered knowledge of Inner Flame by Vehumet.
 23071 | Lair:3   | Reached skill level 13 in Earth Magic
 23255 | Lair:3   | Reached skill level 13 in Fighting
 23311 | Lair:3   | Noticed a five-headed hydra
 23469 | Lair:3   | Found a glowing golden altar of the Shining One.
 23588 | Lair:3   | Reached XP level 13. HP: 88/88 MP: 18/27
 24141 | Lair:3   | Reached skill level 14 in Earth Magic
 24568 | Lair:3   | Reached skill level 14 in Fighting
 24574 | Lair:3   | Learned a level 5 spell: Iskenderun's Battlesphere
 24581 | Lair:3   | Learned a level 6 spell: Bombard
 24882 | Lair:3   | Found a runed translucent gate.
 24883 | Lair:3   | Found a runed translucent gate.
 24888 | Lair:3   | Found a runed translucent gate.
 24890 | Lair:3   | Noticed Irhican's ghost (journeyman MiBe)
 24906 | Lair:3   | Reached **** piety under Vehumet
 25173 | Lair:3   | Found a staircase to the Shoals.
 26000 | Lair:3   | Killed Irhican's ghost
 26125 | Lair:3   | magus.rc [v1.11.3]
 26157 | Lair:4   | Noticed Josephine
 26183 | Lair:3   | Reached skill level 3 in Armour
 26436 | Lair:4   | You pick up a book of Geomancy and begin reading...
 27049 | Lair:4   | Offered knowledge of Frozen Ramparts by Vehumet.
 27134 | Lair:4   | Killed Josephine
 27135 | Lair:4   | Reached skill level 3 in Dodging
 27135 | Lair:4   | Reached skill level 6 in Stealth
 27866 | Lair:4   | Reached skill level 4 in Armour
 28466 | Lair:4   | Identified the staff of Starshine {rC+ Str+2 Stlth+ Ice}
 28748 | Lair:4   | Gained mutation: Your large and strong wings let you fly.
                  | [Gargoyle growth]
 28748 | Lair:4   | Reached XP level 14. HP: 55/96 MP: 4/28
 28867 | Lair:5   | Entered Level 5 of the Lair of Beasts
 28868 | Lair:5   | magus.rc [v1.11.3]
 28870 | Lair:5   | Noticed Sonja
 28881 | Lair:5   | Killed Sonja
 28909 | Lair:5   | Reached skill level 7 in Stealth
 29047 | Lair:5   | Reached skill level 10 in Conjurations
 29111 | Lair:5   | Reached skill level 5 in Armour
 29111 | Lair:5   | Reached skill level 4 in Dodging
 29211 | Lair:5   | You add the spells Ignite Poison and Freezing Cloud to your
                  | library.
 29604 | Lair:5   | Reached skill level 11 in Spellcasting
 29896 | Lair:5   | Reached skill level 15 in Earth Magic
 30001 | Lair:5   | Reached ***** piety under Vehumet
 30153 | Lair:5   | Offered knowledge of Airstrike by Vehumet.
 30388 | Lair:5   | Found a viscous altar of Jiyva.
 30402 | Lair:5   | Found a staircase to the Slime Pits.
 31260 | Lair:5   | Reached skill level 5 in Dodging
 31826 | Lair:5   | You pick up a book of Fire and begin reading...
 31826 | Lair:5   | You add the spells Foxfire, Plasma Beam and Starburst to
                  | your library.
 32027 | Lair:5   | Reached skill level 11 in Conjurations
 32292 | Lair:5   | You add the spells Summon Forest and Eringya's Noxious Bog
                  | to your library.
 32467 | Lair:5   | Identified the +7 dagger "Folobeul" {flame, rC++}
 32595 | Lair:5   | Reached skill level 12 in Spellcasting
 33490 | Lair:5   | Reached XP level 15. HP: 100/100 MP: 6/31
 34366 | D:4      | Killed Stirner's ghost
 35081 | Lair:2   | Killed Reubyar's ghost
 35341 | Lair:2   | Identified the +0 hat of Tempters {rF+ rCorr MP+9}
 35748 | D:11     | Found a frozen archway.
 35820 | IceCv    | Entered an ice cave
 35985 | IceCv    | Reached skill level 1 in Shields
 36137 | IceCv    | Reached skill level 2 in Shields
 36137 | IceCv    | Reached skill level 16 in Earth Magic
 36327 | D:11     | Reached skill level 3 in Shields
 36524 | D:11     | Noticed Grum
 36526 | D:11     | Killed Grum
 36529 | D:11     | Offered knowledge of Arcjolt by Vehumet.
 36660 | D:11     | You pick up a book of Spectacle and begin reading...
 36660 | D:11     | You add the spells Volatile Blastmotes, Dazzling Flash and
                  | Maxwell's Capacitive Coupling to your library.
 36700 | D:11     | Reached skill level 6 in Dodging
 36701 | D:11     | Noticed Lodul
 36705 | D:11     | Killed Lodul
 37081 | D:11     | You pick up a book of Touch and begin reading...
 37081 | D:11     | You add the spells Kiss of Death, Confusing Touch and
                  | Dispel Undead to your library.
 37459 | D:11     | magus.rc [v1.11.3]
 37617 | D:12     | Found a gate leading to a gauntlet.
 37637 | Gauntlet | Entered a Gauntlet
 37637 | Gauntlet | Found a transporter.
 37637 | Gauntlet | Found a transporter.
 37725 | Gauntlet | Found a transporter.
 37727 | Gauntlet | Found a transporter.
 37731 | Gauntlet | Found a runed translucent door.
 37731 | Gauntlet | Found a runed translucent door.
 37735 | Gauntlet | Found a transporter.
 37739 | Gauntlet | Found a transporter.
 37747 | Gauntlet | Found a transporter.
 37767 | Gauntlet | Found a transporter.
 37785 | Gauntlet | Found a transporter.
 37790 | Gauntlet | Found a transporter.
 37792 | Gauntlet | Found a runed translucent door.
 37794 | Gauntlet | Found a runed translucent door.
 37798 | Gauntlet | Found a transporter.
 37802 | Gauntlet | Found a transporter.
 38088 | Gauntlet | Reached skill level 4 in Shields
 38176 | Gauntlet | Identified the ring "Budd" {rF+ rN+ rCorr Str+3}
 38313 | Gauntlet | Identified the +2 robe of Xom's Whim {Harm}
 39189 | D:12     | Identified the +0 hand axe of the Crawling Thing {venom,
                  | rElec Str+4}
 39458 | D:10     | magus.rc [v1.11.3]
 39459 | Orc:1    | Entered Level 1 of the Orcish Mines
 39880 | Orc:1    | Reached skill level 13 in Spellcasting
 40079 | Orc:1    | magus.rc [v1.11.3]
 40084 | Orc:2    | Entered Level 2 of the Orcish Mines
 40255 | Orc:2    | Found a staircase to the Elven Halls.
 40302 | Orc:2    | Offered knowledge of Spellforged Servitor by Vehumet.
 40354 | Orc:2    | Reached skill level 5 in Shields
 41057 | Orc:2    | Reached skill level 7 in Dodging
 41893 | Orc:2    | Offered knowledge of Yara's Violent Unravelling by Vehumet.
 42158 | Orc:2    | Reached XP level 16. HP: 107/107 MP: 33/33
 42172 | Orc:2    | Found Huatodi's Antique Weapon Boutique.
 42172 | Orc:2    | Found Upuiwuin's Assorted Antiques.
 42174 | Orc:2    | Found Heruxul's Magic Scroll Boutique.
 42174 | Orc:2    | Found Wuetegaot's Antique Armour Shoppe.
 42182 | Orc:2    | Bought a scroll of identify for 28 gold pieces
 42182 | Orc:2    | Bought a scroll of noise for 14 gold pieces
 42182 | Orc:2    | Bought a scroll of enchant weapon for 105 gold pieces
 42182 | Orc:2    | Bought a scroll of poison for 56 gold pieces
 42182 | Orc:2    | Bought 3 scrolls of identify for 84 gold pieces
 42187 | Orc:2    | Bought a scroll of identify for 68 gold pieces
 42187 | Orc:2    | Bought a red potion for 30 gold pieces
 42187 | Orc:2    | Bought a warped copper ring for 170 gold pieces
 42187 | Orc:2    | Identified the ring of Woxtur {rPois Will+ Dex+4} (You
                  | bought it in a shop on level 2 of the Orcish Mines)
 42187 | Orc:2    | Bought an ancient lead ring for 170 gold pieces
 42187 | Orc:2    | Identified the ring of Xurac {Will- Int+2 Dex+2 SInv} (You
                  | bought it in a shop on level 2 of the Orcish Mines)
 42189 | Orc:2    | Identified a scroll of acquirement
 42197 | Orc:2    | Acquired the +0 pair of boots of Yesterday {Str+3 Int+3}
 42375 | Orc:2    | Bought a twisted dagger for 252 gold pieces
 42375 | Orc:2    | Identified the +0 dagger "Zaob" {venom, rElec rN+ Will+
                  | rCorr} (You bought it in a shop on level 2 of the Orcish
                  | Mines)
 42375 | Orc:2    | Bought a slimy mace for 288 gold pieces
 42375 | Orc:2    | Identified the +4 mace "Ocifocw" {flame, rF+ Will+ Stlth-}
                  | (You bought it in a shop on level 2 of the Orcish Mines)
 42383 | Orc:2    | Learned a level 5 spell: Yara's Violent Unravelling
 42767 | D:13     | Reached skill level 15 in Fighting
 43438 | D:13     | Reached ****** piety under Vehumet
 43650 | D:13     | Reached skill level 1 in Evocations
 44144 | D:13     | Reached skill level 1 in Hexes
 44184 | D:13     | Reached skill level 1 in Alchemy
 44634 | D:13     | Found a gate to the Vaults.
 44811 | D:14     | You pick up a book of Burglary and begin reading...
 44811 | D:14     | You add the spells Ensorcelled Hibernation and Swiftness to
                  | your library.
 45325 | D:14     | Reached skill level 2 in Hexes
 45527 | D:14     | Reached skill level 2 in Evocations
 45786 | D:14     | Reached skill level 2 in Alchemy
 46521 | D:14     | Reached skill level 6 in Armour
 46785 | D:15     | Entered Level 15 of the Dungeon
 46817 | D:15     | Offered knowledge of Ozocubu's Refrigeration by Vehumet.
 47595 | D:15     | Reached skill level 3 in Hexes
 47665 | D:15     | Reached skill level 3 in Evocations
 47857 | D:15     | You pick up a book of Displacement and begin reading...
 47857 | D:15     | You add the spells Lesser Beckoning, Gell's Gravitas and
                  | Teleport Other to your library.
 47935 | D:15     | Reached skill level 8 in Dodging
 48390 | D:15     | Found a staircase to the Depths.
 48454 | D:15     | Found a broken altar of Ashenzari.
 48610 | D:15     | Upgraded the game from 0.31.0-4-g52a2dc7128 to
                  | 0.31.0-7-gf635a9b802
 48610 | D:15     | magus.rc [v1.11.3]
 48935 | Snake:1  | Entered Level 1 of the Snake Pit
 48935 | Snake:1  | Noticed Nikola
 49130 | Lair:2   | Killed Nikola
 49131 | Lair:2   | Reached skill level 3 in Alchemy
 49131 | Lair:2   | Reached XP level 17. HP: 72/113 MP: 17/34
 49431 | Snake:1  | a naga comes into view. It is wielding a +0 battleaxe and
                  | wearing the macabre finger necklace {Finger+ rN+}.
 49682 | Snake:1  | Offered knowledge of Irradiate by Vehumet.
 49697 | Snake:1  | Learned a level 5 spell: Irradiate
 50203 | Snake:1  | Reached skill level 12 in Conjurations
 50438 | Snake:2  | Reached skill level 14 in Spellcasting
 50438 | Snake:2  | Reached skill level 4 in Hexes
 50438 | Snake:2  | Reached skill level 4 in Evocations
 50603 | Snake:2  | Reached skill level 6 in Shields
 50689 | Snake:2  | Noticed Vashnia
 50838 | Snake:2  | Reached skill level 17 in Earth Magic
 50898 | Snake:2  | Killed Vashnia
 50899 | Snake:2  | Reached skill level 16 in Fighting
 51185 | Snake:2  | Reached skill level 7 in Shields
 51256 | Snake:2  | Offered knowledge of Ignition by Vehumet.
 51527 | Snake:2  | Reached skill level 8 in Shields
 51591 | Snake:2  | You pick up a book of Scorching and begin reading...
 51591 | Snake:2  | You add the spells Scorch, Flame Wave and Summon Cactus
                  | Giant to your library.
 51796 | Snake:2  | Identified the +9 battleaxe "Worm" {pain, Str+4}
 51796 | Snake:2  | Identified a +1 crystal plate armour
 51840 | Snake:2  | the +9 battleaxe "Worm" {pain, Str+4}; a +1 crystal plate
                  | armour {rare}
 51841 | Snake:2  | the +9 battleaxe "Worm" {pain, Str+4}; a +1 crystal plate
                  | armour {rare}
 52266 | Snake:2  | a +1 crystal plate armour {rare}; the +9 battleaxe "Worm"
                  | {pain, Str+4}
 52424 | Snake:3  | Reached skill level 15 in Spellcasting
 52426 | Snake:3  | Reached skill level 9 in Shields
 52506 | Snake:3  | Reached XP level 18. HP: 120/120 MP: 8/37
 52820 | Snake:3  | Reached skill level 10 in Shields
 53210 | Snake:4  | Entered Level 4 of the Snake Pit
 53312 | Snake:4  | Found Iklupsi's General Store.
 53316 | Snake:4  | Bought a scroll of identify for 32 gold pieces
 53316 | Snake:4  | Bought a scroll of identify for 32 gold pieces
 53318 | Snake:4  | Found Lick's Antique Weapon Shoppe.
 53337 | Snake:4  | You pick up a book of Winter and begin reading...
 53337 | Snake:4  | You add the spells Ozocubu's Armour, Metabolic Englaciation
                  | and Sculpt Simulacrum to your library.
 53578 | Snake:4  | Reached skill level 11 in Shields
 54161 | Snake:4  | Reached skill level 12 in Shields
 54351 | Snake:4  | You pick up a book of Callings and begin reading...
 54351 | Snake:4  | You add the spells Summon Small Mammal, Call Canine
                  | Familiar and Summon Blazeheart Golem to your library.
 54538 | Snake:4  | Reached skill level 13 in Shields
 54812 | Snake:4  | Reached skill level 7 in Armour
 54865 | Snake:4  | Got a serpentine rune of Zot
 55506 | Shoals:1 | Entered Level 1 of the Shoals
 55566 | Shoals:2 | You pick up a book of Conjurations and begin reading...
 55566 | Shoals:2 | You add the spells Magic Dart, Searing Ray and Fulminant
                  | Prism to your library.
 55600 | Shoals:2 | Offered knowledge of Lehudib's Crystal Spear by Vehumet.
 55600 | Shoals:2 | Offered knowledge of Fire Storm by Vehumet.
 55600 | Shoals:2 | Offered knowledge of Chain Lightning by Vehumet.
 55720 | Shoals:3 | Found the +7 sceptre of Torment {pain, torment}
 55817 | Shoals:4 | Entered Level 4 of the Shoals
 55818 | Shoals:4 | magus.rc [v1.11.3]
 55818 | Shoals:4 | magus.rc [v1.11.3]
 55818 | Shoals:4 | magus.rc [v1.11.3]
 55901 | Shoals:4 | Reached skill level 4 in Alchemy
 55944 | Shoals:4 | Identified the +3 leather armour of Inaction {rElec Dex+5}
 55964 | Shoals:4 | Reached XP level 19. HP: 59/125 MP: 15/38
 56126 | Shoals:4 | Paralysed by an air elemental for 1 turns
 56134 | Shoals:4 | Reached skill level 9 in Dodging
 56147 | Shoals:4 | Got an azure gem with 1155 turns to spare
 56359 | Shoals:4 | Identified the +7 glaive of Sobbirenn {heavy, Dex+2}
 56423 | Shoals:4 | Got a barnacled rune of Zot
 56669 | Shoals:4 | You pick up a book of Ice and begin reading...
 56669 | Shoals:4 | You add the spells Ozocubu's Refrigeration and Polar Vortex
                  | to your library.
 56812 | Shoals:4 | Reached skill level 5 in Alchemy
 56835 | Shoals:4 | Reached skill level 18 in Earth Magic
 57350 | Elf:1    | Entered Level 1 of the Elven Halls
 57363 | Elf:1    | Paralysed by an air elemental for 1 turns
 57368 | Elf:1    | Reached skill level 1 in Fire Magic
 57438 | Elf:1    | magus.rc [v1.11.3]
 57467 | Elf:1    | Reached skill level 2 in Fire Magic
 57547 | Elf:2    | Noticed a Hell Sentinel
 57702 | Elf:2    | Reached skill level 16 in Spellcasting
 57702 | Elf:2    | Found a runed translucent gate.
 57702 | Elf:2    | Found a runed translucent gate.
 57703 | Elf:2    | Found a runed translucent gate.
 57713 | Elf:2    | Noticed Saint Roka
 57719 | Elf:2    | HP: 27/127 [Saint Roka/bolt (23)]
 57720 | Elf:2    | Killed Saint Roka
 57828 | Elf:2    | Noticed Jorgrun
 57835 | Elf:2    | Killed Jorgrun
 57836 | Elf:2    | Reached skill level 13 in Conjurations
 57939 | Elf:3    | Entered Level 3 of the Elven Halls
 57980 | Elf:3    | Found Vota's Magic Scroll Shoppe.
 57989 | Elf:3    | Reached skill level 10 in Dodging
 57999 | Elf:3    | Bought 2 scrolls of blinking for 225 gold pieces
 57999 | Elf:3    | Bought a scroll of blinking for 112 gold pieces
 57999 | Elf:3    | Bought a scroll of amnesia for 60 gold pieces
 58003 | Elf:3    | Found Geriuro's Jewellery Shop.
 58006 | Elf:3    | Found Gavufydu's Distillery.
 58008 | Elf:3    | Found Pakaus's General Store.
 58019 | Elf:3    | Bought a potion of heal wounds for 75 gold pieces
 58021 | Elf:3    | Bought a potion of brilliance for 52 gold pieces
 58021 | Elf:3    | Bought a potion of ambrosia for 104 gold pieces
 58021 | Elf:3    | Bought 2 potions of mutation for 208 gold pieces
 58024 | Elf:3    | magus.rc [v1.11.3]
 58024 | Elf:3    | magus.rc [v1.11.3]
 58115 | Elf:3    | Reached XP level 20. HP: 50/133 MP: 35/40
 58166 | Elf:3    | Reached skill level 17 in Fighting
 58310 | Elf:3    | You pick up a book of Callings and begin reading...
 58331 | Elf:3    | Identified the ring of the Scarab {rN+ Dex+6}
 58340 | Elf:3    | Reached skill level 14 in Conjurations
 58340 | Elf:3    | Identified the +2 leather armour "Omoif" {rN+ Regen+}
 58343 | Elf:3    | Identified the +8 glaive of Ad Valorem {freeze, *Rage rElec
                  | rC+ rN++}
 58355 | Elf:3    | a deep elf master archer comes into view. It is wearing a
                  | +3 ring mail of willpower and wearing the ring of Shadows
                  | {Umbra +Inv Stlth+}.
 58379 | Elf:3    | You pick up a book of Weapons and begin reading...
 58379 | Elf:3    | You add the spells Tukima's Dance, Dimensional Bullseye and
                  | Iskenderun's Mystic Blast to your library.
 58382 | Elf:3    | You pick up a book of Armaments and begin reading...
 58382 | Elf:3    | You add the spells Animate Armour and Lehudib's Crystal
                  | Spear to your library.
 58384 | Elf:3    | Identified the staff of Ball {rElec rF+ rC+ Str-4 Fire Ice}
 58387 | Elf:3    | You pick up a book of Hexes and begin reading...
 58387 | Elf:3    | You add the spells Anguish, Cause Fear and Enfeeble to your
                  | library.
 58389 | Elf:3    | You pick up a book of the Wilderness and begin reading...
 58391 | Elf:3    | Got a shimmering gem with 821 turns to spare
 58399 | Elf:3    | Identified the +2 quarterstaff of Verph {elec, Str+5}
 58406 | Elf:3    | Identified the +7 dagger of Eternal Vigilance {flame,
                  | Str+5}
 58510 | Elf:2    | Reached skill level 11 in Dodging
 58520 | Elf:2    | You pick up a book of Misfortune and begin reading...
 58596 | D:10     | magus.rc [v1.11.3]
 58700 | D:13     | magus.rc [v1.11.3]
 58974 | D:10     | magus.rc [v1.11.3]
 59076 | Vaults:1 | Entered Level 1 of the Vaults
 60730 | Vaults:1 | Upgraded the game from 0.31.0-7-gf635a9b802 to
                  | 0.31.0-9-g3a7656b989
 60730 | Vaults:1 | magus.rc [v1.11.3]
 60741 | Vaults:2 | Reached skill level 5 in Hexes
 60809 | Vaults:2 | Reached skill level 8 in Armour
 61027 | Vaults:2 | Reached skill level 15 in Conjurations
 61157 | Vaults:2 | Noticed Margery
 61252 | Vaults:1 | Reached skill level 6 in Alchemy
 61354 | Vaults:2 | Found Hiezxis's Book Shoppe.
 61482 | Vaults:2 | Reached XP level 21. HP: 139/139 MP: 34/41
 61509 | Vaults:2 | Killed Margery
 62136 | Vaults:2 | Noticed Norris
 62144 | Vaults:2 | Killed Norris
 62424 | Vaults:2 | Found a staircase to the Crypt.
 62708 | Vaults:3 | Reached skill level 9 in Armour
 62710 | Vaults:3 | Reached skill level 14 in Shields
 63415 | Vaults:3 | Found Asytet's Book Shop.
 63420 | Vaults:3 | Bought a book of Annihilations for 1140 gold pieces
 63420 | Vaults:3 | You pick up a book of Annihilations and begin reading...
 63420 | Vaults:3 | You add the spells Chain Lightning, Fire Storm and Shatter
                  | to your library.
 63495 | Vaults:3 | Reached skill level 7 in Alchemy
 63608 | Vaults:3 | Reached skill level 12 in Dodging
 63887 | Vaults:3 | Found Gozag's Antique Armour Boutique.
 63889 | Vaults:3 | Found an opulent altar of Gozag.
 63894 | Vaults:3 | Found Gozag's Assorted Antiques.
 63899 | Vaults:3 | Found Gozag's Assorted Antiques.
 64598 | Vaults:4 | Found a runed translucent door.
 64683 | Vaults:4 | Reached skill level 10 in Armour
 64824 | Vaults:4 | Reached skill level 16 in Conjurations
 65422 | Vaults:4 | Reached skill level 15 in Shields
 65434 | Vaults:4 | Reached skill level 19 in Earth Magic
 65595 | Vaults:4 | Noticed Bai Suzhen
 65647 | Vaults:4 | Reached XP level 22. HP: 144/144 MP: 34/42
 65721 | Vaults:4 | Learned a level 8 spell: Lehudib's Crystal Spear
 65731 | Vaults:4 | Learned a level 9 spell: Shatter
 66059 | Vaults:4 | Killed Bai Suzhen
 66747 | Vaults:4 | Identified the ring of Badon {*Corrode +Blink rElec rF++
                  | rC+}
 67024 | D:15     | magus.rc [v1.11.3]
 67025 | Depths:1 | Entered Level 1 of the Depths
 67140 | Depths:1 | Reached skill level 20 in Earth Magic
 67312 | Depths:1 | Found a one-way gate leading to the halls of Pandemonium.
 67406 | Depths:1 | Found a gateway to Hell.
 67636 | Depths:1 | Found Xuucwoecu's Jewellery Shop.
 67636 | Depths:1 | Found Sunul's Book Emporium.
 67675 | Depths:1 | Found Etzeysch's Jewellery Shop.
 67760 | Depths:1 | Found a blossoming altar of Fedhas.
 67944 | Depths:1 | Found a portal to a secret trove of treasure.
 68014 | Depths:1 | You paid a toll of 6 scrolls of fog to enter a treasure
                  | trove
 68015 | Trove    | Entered a treasure trove
 68029 | Trove    | You add the spells Olgreb's Toxic Radiance and Alistair's
                  | Intoxication to your library.
 68029 | Trove    | Got Isov's Parchment of Green Ill Luck
 68032 | Trove    | You pick up a book of Frost and begin reading...
 68032 | Trove    | You add the spells Freeze, Frozen Ramparts and Hailstorm to
                  | your library.
 68047 | Trove    | You add the spells Apportation, Momentum Strike and Blink
                  | to your library.
 68047 | Trove    | Got Zoedoe's Compendium of Correspondence
 68050 | Trove    | You add the spells Sting, Fugue of the Fallen, Martyr's
                  | Knell, Borgnjor's Revivification and Death's Door to your
                  | library.
 68050 | Trove    | Got Qyinkeza's Treatise on Sinister Hermetica
 68074 | Trove    | Got the Anthology of the Armadillo
 68077 | Trove    | Got Sif Muna's Compendium of the Productive Jaunt
 68080 | Trove    | Got Sif Muna's Folio of Bolts and Stones
 68447 | Orc:2    | Bought a scroll of fog for 136 gold pieces
 68447 | Orc:2    | Bought a scroll of teleportation for 102 gold pieces
 68450 | Orc:2    | Bought a scroll of fog for 56 gold pieces
 68530 | D:10     | magus.rc [v1.11.3]
 69324 | Depths:2 | Reached skill level 21 in Earth Magic
 69644 | Depths:2 | Found a one-way gate to the infinite horrors of the Abyss.
 70082 | Depths:2 | Reached skill level 22 in Earth Magic
 70573 | Depths:2 | You pick up a book of Ice and begin reading...
 70631 | Depths:2 | magus.rc [v1.11.3]
 70792 | Depths:3 | You are sucked into a shaft and drop 1 floor!
 70792 | Depths:4 | Entered Level 4 of the Depths
 70913 | Depths:4 | Found a gate to the Realm of Zot.
 70956 | Depths:3 | Noticed Vv
 70968 | Depths:3 | Killed Vv
 71091 | Depths:3 | Noticed a golden dragon
 71098 | Depths:3 | Killed a golden dragon
 71296 | Depths:3 | Reached skill level 23 in Earth Magic
 71620 | Depths:3 | Noticed a juggernaut
 71628 | Depths:3 | Killed a juggernaut
 71735 | Depths:3 | Reached XP level 23. HP: 149/149 MP: 42/43
 71899 | Depths:3 | the Enchantress comes into view. She is wielding a +6
                  | antimagic demon whip, wearing the +1 faerie dragon scales
                  | {*Slow rN+ Will+ rCorr} and wearing a +0 buckler of poison
                  | resistance.
 71899 | Depths:3 | Noticed the Enchantress
 72096 | Depths:3 | Noticed a golden dragon
 72118 | Depths:3 | Killed a golden dragon
 72118 | Depths:3 | Identified +0 gold dragon scales
 72120 | Depths:3 | +0 gold dragon scales {rare}; a golden dragon corpse
 72139 | Depths:3 | +0 gold dragon scales {rare}; a golden dragon corpse
 72139 | Depths:3 | +0 gold dragon scales {rare}; a golden dragon corpse
 72155 | Depths:3 | +0 gold dragon scales {rare}; a golden dragon corpse
 72320 | Depths:3 | +0 gold dragon scales {rare}; a golden dragon corpse
 72337 | Depths:3 | Reached skill level 24 in Earth Magic
 72338 | Depths:3 | Killed the Enchantress
 72576 | Depths:3 | Noticed a golden dragon
 72581 | Depths:3 | Killed a golden dragon
 73140 | Depths:3 | Noticed a caustic shrike
 73185 | Depths:3 | Noticed a golden dragon
 73201 | Depths:3 | Reached skill level 25 in Earth Magic
 73380 | Depths:3 | Killed a golden dragon
 73380 | Depths:3 | Identified +0 gold dragon scales
 73411 | Depths:3 | +0 gold dragon scales {rare}; a golden dragon corpse
 73454 | Depths:3 | Identified the +0 falchion of Moderation {speed, rF+}
 73631 | Depths:3 | Killed a caustic shrike
 73699 | Depths:3 | Noticed a juggernaut
 73703 | Depths:3 | Killed a juggernaut
 73815 | Depths:3 | Found the +13 scythe of Curses {drain, curses, ^Drain}
 73846 | Depths:3 | You pick up a book of the Earth and begin reading...
 73854 | Depths:3 | Found a one-way gateway to a ziggurat.
 73862 | Depths:3 | You pick up a book of Geomancy and begin reading...
 73883 | Depths:3 | Identified the +9 glaive of Ruesi {protect, rC++ Str-5
                  | Dex+2 Stlth+}
 73920 | Depths:3 | Got the Catalogue of the Cwm and Destruction
 74087 | Depths:3 | Reached skill level 26 in Earth Magic
 74494 | Depths:4 | Noticed Mennas
 75006 | Depths:3 | Killed Mennas
 75243 | Depths:4 | Identified the +1 robe "Moarr" {Rampage Int+5 Stlth-}
 75896 | Depths:4 | Found Tupluwn's Weapon Boutique.
 76845 | Vaults:5 | Entered Level 5 of the Vaults
 76847 | Vaults:5 | Reached skill level 27 in Earth Magic
 76847 | Vaults:5 | Reached skill level 1 in Shapeshifting
 76847 | Vaults:5 | Reached XP level 24. HP: 156/156 MP: 43/43
 76848 | Vaults:5 | Reached skill level 1 in Throwing
 76852 | Vaults:5 | Reached skill level 2 in Shapeshifting
 76854 | Vaults:5 | Reached skill level 2 in Throwing
 76858 | Vaults:5 | Noticed a dread lich
 76860 | Vaults:5 | Identified the +1 halberd "Sikaputh" {freeze, rN+ Int+3}
 76861 | Vaults:5 | Killed a dread lich
 76862 | Vaults:5 | Reached skill level 3 in Throwing
 76865 | Vaults:5 | Reached skill level 3 in Shapeshifting
 76865 | Vaults:5 | Identified +0 gold dragon scales
 76868 | Vaults:5 | Identified +0 gold dragon scales
 76870 | Vaults:5 | Reached skill level 4 in Throwing
 76882 | Vaults:5 | Reached skill level 4 in Shapeshifting
 77273 | Vaults:5 | +0 storm dragon scales {rare}; a storm dragon corpse
 77548 | Vaults:5 | You add the spells Sticky Flame and Passage of Golubria to
                  | your library.
 77548 | Vaults:5 | Got Sif Muna's Incunabulum of Ignition and Coordinates
 77555 | Vaults:5 | Identified the +1 chain mail "Ete Mosch" {rC+ Regen+}
 77557 | Vaults:5 | Got a silver rune of Zot
 77559 | Vaults:5 | You pick up a book of Storms and begin reading...
 77559 | Vaults:5 | You add the spells Airstrike and Summon Lightning Spire to
                  | your library.
 77608 | Vaults:5 | Noticed a dread lich
 77622 | Vaults:5 | Killed a dread lich
 77623 | Vaults:5 | Reached skill level 5 in Throwing
 77686 | Vaults:5 | Identified the +6 short sword of Fate {flame, ^Drain Str-5
                  | Int+7}
 77688 | Vaults:5 | Identified the +0 chain mail "Giemut" {^Drain rPois Regen+
                  | Stlth+}
 77760 | Vaults:5 | Reached skill level 18 in Fighting
 78353 | Vaults:5 | Identified the +0 leather armour of Thoughtfulness {Str+3
                  | Int+2 Dex-5}
 78362 | Vaults:5 | Got the Omnibus of Flammable Talus
 78426 | Vaults:5 | Found the +3 giant club "Skullcrusher" {speed, Str+7}
 78426 | Vaults:5 | Found the +6 arbalest "Damnation" {damnation}
 78441 | Vaults:5 | Got Pot Ferph's Tome of Scorched Glaciation
 78616 | Vaults:5 | Identified the ring of Xuni {Fire ^Drain Str+9}
 78635 | Vaults:5 | Identified the +0 battleaxe of the Vanishing Visions {holy,
                  | rF+ Int+3}
 78635 | Vaults:5 | Identified the amulet "Pauhaz" {RegenMP ^Drain Str+4 Dex+6}
 79709 | Vaults:5 | +0 gold dragon scales {rare}; a +0 ring mail; a +1 dire
                  | flail of holy wrath
 79834 | Vaults:3 | Upgraded the game from 0.31.0-9-g3a7656b989 to
                  | 0.31.0-10-gcf4a605ca0
 79834 | Vaults:3 | magus.rc [v1.11.3]
 79834 | Vaults:3 | Bought the -2 hat of the Alchemist {rElec rPois rF+ rC+ rN+
                  | Will+ rMut rCorr} for 4720 gold pieces
 79834 | Vaults:3 | Found the -2 hat of the Alchemist {rElec rPois rF+ rC+ rN+
                  | Will+ rMut rCorr}
 80016 | D:10     | magus.rc [v1.11.3]
 80275 | Hell     | Entered the Vestibule of Hell
 80275 | Hell     | Noticed Geryon
 80289 | Depths:1 | Reached skill level 5 in Shapeshifting
 80472 | Hell     | Reached skill level 6 in Throwing
 80472 | Hell     | Reached skill level 17 in Spellcasting
 80474 | Hell     | Reached XP level 25. HP: 142/163 MP: 37/44
 80475 | Hell     | Noticed Murray
 80992 | Hell     | Killed Murray
 80993 | Hell     | Reached skill level 7 in Throwing
 80995 | Hell     | Reached skill level 6 in Shapeshifting
 81287 | Hell     | Killed Geryon
 81630 | Hell     | Found a gateway to the Iron City of Dis.
 81686 | Hell     | Found a gateway to the freezing wastes of Cocytus.
 81730 | Hell     | Found a gateway to the decaying netherworld of Tartarus.
 81786 | Hell     | Found a gateway to the ashen valley of Gehenna.
 82262 | Slime:1  | Entered Level 1 of the Pits of Slime
 82275 | Slime:1  | Reached skill level 8 in Throwing
 82321 | Slime:2  | Reached skill level 7 in Shapeshifting
 82366 | Slime:3  | Gained mutation: You are vulnerable to cold. (rC-) [a
                  | shining eye]
 82413 | Slime:3  | Reached skill level 9 in Throwing
 82521 | Slime:5  | Entered Level 5 of the Pits of Slime
 82574 | Slime:5  | Reached skill level 8 in Shapeshifting
 82602 | Slime:5  | Noticed the Royal Jelly
 82616 | Slime:5  | Killed the Royal Jelly
 82648 | Slime:5  | Reached skill level 10 in Throwing
 82658 | Slime:5  | Got a slimy rune of Zot
 82659 | Slime:5  | Identified the +3 trident "Uxih" {freeze, rCorr}
 82661 | Slime:5  | Identified the +10 broad axe "Yryem" {flame, ^Contam +Blink
                  | rF++ Int+3}
 82666 | Slime:5  | Identified the ring "Guhu" {rPois rC+ rN+ Str-4 Dex+6}
 82677 | Slime:5  | Got a starry gem with 199 turns to spare
 82680 | Slime:5  | Identified the +0 helmet of Besogra {rPois rF++}
 82682 | Slime:5  | Identified the ring "Sagieh" {+Blink rPois Int+3 Dex-2}
 82701 | Slime:5  | Identified the +5 rapier of Agony {spect, rF- rN+ Str+6}
 82937 | D:10     | Acquired 819 gold pieces
 83247 | Depths:2 | Voluntarily entered the Abyss.
 83419 | Depths:2 | You pass through the gate.
 83419 | Depths:2 | Escaped the Abyss
 83421 | Depths:2 | Voluntarily entered the Abyss.
 83487 | Abyss:3  | Found a corrupted altar of Lugonu.
 83492 | Abyss:3  | Found a corrupted altar of Lugonu.
 83492 | Abyss:3  | Found a corrupted altar of Lugonu.
 83786 | Abyss:3  | Reached skill level 9 in Shapeshifting
 84262 | Abyss:4  | Reached skill level 10 in Shapeshifting
 84320 | Abyss:4  | Found a glowing golden altar of the Shining One.
 84323 | Abyss:4  | Noticed a juggernaut
 84326 | Abyss:4  | Killed a juggernaut
 84327 | Abyss:4  | Reached XP level 26. HP: 110/169 MP: 34/44
 84331 | Abyss:4  | Got an abyssal rune of Zot
 84370 | Depths:2 | You pass through the gate.
 84370 | Depths:2 | Escaped the Abyss
 84744 | Crypt:1  | Entered Level 1 of the Crypt
 84747 | Crypt:1  | Reached skill level 19 in Fighting
 84799 | Crypt:1  | Identified the ring "Masealei" {Ice rPois Int+3 Dex-4
                  | Stlth+}
 84801 | Crypt:1  | Reached skill level 11 in Armour
 84813 | Crypt:2  | Noticed Jory
 84818 | Crypt:2  | Killed Jory
 84951 | Crypt:3  | Entered Level 3 of the Crypt
 84979 | Crypt:3  | Noticed a curse skull
 84980 | Crypt:3  | Killed a curse skull
 84995 | Crypt:3  | Noticed an ancient lich
 84999 | Crypt:3  | Noticed a curse skull
 85000 | Crypt:2  | Noticed a curse skull
 85001 | Crypt:2  | Killed a curse skull
 85043 | Crypt:2  | Found a runed translucent gate.
 85043 | Crypt:2  | Found a runed translucent gate.
 85044 | Crypt:2  | Found a runed translucent gate.
 85087 | Crypt:2  | Reached skill level 12 in Armour
 85095 | Crypt:2  | Reached skill level 13 in Dodging
 85201 | Crypt:3  | Killed an ancient lich
 85256 | Crypt:3  | Killed a curse skull
 85279 | Crypt:3  | Reached skill level 18 in Spellcasting
 85279 | Crypt:3  | Noticed Zenata
 85328 | Crypt:3  | Killed Zenata
 85422 | Crypt:3  | magus.rc [v1.11.3]
 85460 | Crypt:3  | Found a staircase to the Tomb.
 85518 | Crypt:3  | Noticed a royal mummy
 85520 | Crypt:3  | Noticed Khufu
 85523 | Crypt:3  | Killed a royal mummy
 85525 | Crypt:3  | Killed Khufu
 85526 | Crypt:3  | Reached skill level 14 in Dodging
 85544 | Crypt:3  | Identified the ring "Poddorchuin" {rC+ rN+ rCorr}
 85551 | Crypt:3  | magus.rc [v1.11.3]
 85566 | Crypt:3  | Reached XP level 27. HP: 126/177 MP: 3/45
 85612 | Crypt:3  | Found a basalt altar of Yredelemnul.
 85617 | Crypt:3  | Identified the ring of Suf Ruott {rN+ Str+3}
 85619 | Crypt:3  | Identified the ring "Keav" {rF+ rN+ Dex+3 Slay-5}
 85620 | Crypt:3  | Found an ancient bone altar of Kikubaaqudgha.
 85659 | Crypt:3  | Identified the staff of Defence by Offence {rN+ Int+5
                  | Necro}
 85671 | Crypt:3  | Got an ivory gem with 896 turns to spare
 85701 | Crypt:3  | Identified the ring of Tin Zoick {rC- rCorr MP+9 Int+5}
 85934 | D:10     | Acquired 883 gold pieces
 86035 | Elf:3    | Bought the ring "Jato" {rPois Str-2 Int+8 Dex-3 SInv} for
                  | 750 gold pieces
 86037 | Elf:3    | Bought a potion of mutation for 104 gold pieces
 86037 | Elf:3    | Bought a potion of resistance for 130 gold pieces
 86170 | D:10     | magus.rc [v1.11.3]
 86461 | Zot:1    | Entered Level 1 of the Realm of Zot
 86752 | Zot:1    | Reached skill level 20 in Fighting
 87142 | Zot:1    | You pick up a book of Dreams and begin reading...
 87469 | Zot:2    | Identified the +3 ring mail "Posemn" {rElec rF+ rC+}
 87675 | Zot:2    | Reached skill level 11 in Shapeshifting
 87997 | Zot:2    | You pick up a book of Burglary and begin reading...
 88052 | Zot:2    | Noticed an electric golem
 88053 | Zot:2    | Noticed an electric golem
 88059 | Zot:2    | Killed an electric golem
 88061 | Zot:2    | Killed an electric golem
 88130 | Zot:2    | You pick up a book of Flames and begin reading...
 88196 | Zot:2    | magus.rc [v1.11.3]
 88201 | Zot:3    | Reached skill level 12 in Shapeshifting
 88481 | Zot:3    | Noticed a curse toe
 88488 | Zot:3    | Reached skill level 13 in Shapeshifting
 88604 | Zot:3    | Killed a curse toe
 90506 | Zot:4    | Reached skill level 14 in Shapeshifting
 90705 | Zot:5    | Entered Level 5 of the Realm of Zot
 90984 | Zot:5    | Identified +0 gold dragon scales
 91321 | Zot:5    | Reached skill level 15 in Shapeshifting
 91816 | Zot:5    | Noticed an orb of fire
 91857 | Zot:5    | Killed an orb of fire
 91875 | Zot:5    | Noticed an electric golem
 91982 | Zot:5    | Noticed a dread lich
 91984 | Zot:5    | Killed an electric golem
 91984 | Zot:5    | Killed a dread lich
 92054 | Zot:5    | Noticed an ancient lich
 92057 | Zot:5    | Killed an ancient lich
 92074 | Zot:5    | Noticed an ancient lich
 92083 | Zot:5    | Killed an ancient lich
 92316 | Zot:5    | Noticed a dread lich
 92320 | Zot:5    | Killed a dread lich
 92321 | Zot:5    | Reached skill level 16 in Shapeshifting
 92480 | Zot:5    | Noticed an orb of fire
 92482 | Zot:5    | Gained mutation: You are weak. (Str -2) [an orb of fire]
 92508 | Zot:5    | Noticed a curse toe
 92513 | Zot:5    | Killed a curse toe
 92573 | Zot:5    | Noticed an ancient lich
 92575 | Zot:5    | Noticed an electric golem
 92576 | Zot:5    | Killed an ancient lich
 92577 | Zot:5    | Noticed a dread lich
 92577 | Zot:5    | Noticed a dread lich
 92579 | Zot:5    | Killed a dread lich
 92580 | Zot:5    | Killed an electric golem
 92580 | Zot:5    | Killed a dread lich
 92689 | Zot:5    | Noticed a dread lich
 92692 | Zot:5    | Killed a dread lich
 92712 | Zot:5    | Noticed a dread lich
 92713 | Zot:5    | Killed a dread lich
 92715 | Zot:5    | Gained mutation: You have hidden genetic defects. [an orb
                  | of fire]
 92784 | Zot:5    | Killed an orb of fire
 92811 | Zot:5    | Noticed an electric golem
 92816 | Zot:5    | Killed an electric golem
 92883 | Zot:5    | Reached skill level 17 in Shapeshifting
 93009 | Zot:5    | Noticed a dread lich
 93012 | Zot:5    | Killed a dread lich
 93412 | Zot:5    | Identified the +1 falchion of Zaonas {heavy, rF- rC- Int+7}
 94256 | Dis:1    | Entered Level 1 of the Iron City of Dis
 94467 | Dis:1    | Reached skill level 18 in Shapeshifting
 94493 | Dis:2    | Noticed a caustic shrike
 94494 | Dis:2    | Noticed a caustic shrike
 94495 | Dis:2    | Noticed a caustic shrike
 94495 | Dis:2    | Noticed a caustic shrike
 94498 | Dis:2    | Killed a caustic shrike
 94501 | Dis:2    | Killed a caustic shrike
 94501 | Dis:2    | Killed a caustic shrike
 94504 | Dis:2    | Killed a caustic shrike
 94851 | Dis:3    | You are sucked into a shaft and drop 3 floors!
 94856 | Dis:6    | Noticed a caustic shrike
 94856 | Dis:6    | Noticed a caustic shrike
 94856 | Dis:6    | Noticed a caustic shrike
 94863 | Dis:6    | Killed a caustic shrike
 94863 | Dis:6    | Killed a caustic shrike
 94864 | Dis:6    | Killed a caustic shrike
 94882 | Dis:6    | Gained mutation: You are frail. (-10% HP) [hidden defects]
 95210 | Dis:7    | Entered Level 7 of the Iron City of Dis
 95325 | Dis:7    | magus.rc [v1.11.3]
 95442 | Dis:7    | Reached skill level 19 in Shapeshifting
 95560 | Dis:7    | Noticed a caustic shrike
 95566 | Dis:7    | Noticed an ancient lich
 95567 | Dis:7    | Killed a caustic shrike
 95572 | Dis:7    | Killed an ancient lich
 95586 | Dis:7    | Noticed a juggernaut
 95589 | Dis:7    | Killed a juggernaut
 95715 | Dis:7    | Lost mutation: You have hidden genetic defects. [potion of
                  | mutation]
 95715 | Dis:7    | Lost mutation: You are frail. (-10% HP) [potion of
                  | mutation]
 95715 | Dis:7    | Lost mutation: You are weak. (Str -2) [potion of mutation]
 95715 | Dis:7    | Gained mutation: You are partially covered in iridescent
                  | scales. (AC +2) [potion of mutation]
 95715 | Dis:7    | Gained mutation: You passively map a small area around you.
                  | [potion of mutation]
 95715 | Dis:7    | Gained mutation: Your muscles are strong. (Str +4, Int/Dex
                  | -1) [potion of mutation]
 95884 | Dis:7    | Noticed a caustic shrike
 95889 | Dis:7    | Killed a caustic shrike
 95921 | Dis:7    | Identified the +5 halberd of Atry {pain, rF+ SInv}
 96154 | Dis:7    | Noticed a caustic shrike
 96159 | Dis:7    | Killed a caustic shrike
 96159 | Dis:7    | Noticed a caustic shrike
 96161 | Dis:7    | Killed a caustic shrike
 96261 | Dis:7    | Noticed a caustic shrike
 96269 | Dis:7    | Killed a caustic shrike
 96322 | Dis:7    | Reached skill level 20 in Shapeshifting
 96433 | Dis:7    | Noticed a juggernaut
 96437 | Dis:7    | Killed a juggernaut
 96844 | Dis:7    | Noticed a caustic shrike
 96848 | Dis:7    | Killed a caustic shrike
 96908 | Dis:7    | Noticed a juggernaut
 96914 | Dis:7    | Killed a juggernaut
 97028 | Dis:7    | Noticed a caustic shrike
 97032 | Dis:7    | Killed a caustic shrike
 97286 | Dis:7    | Identified the ring "Vamigg" {rF+ Str+6 Slay+2 SInv}
 97368 | Dis:7    | Noticed a caustic shrike
 97369 | Dis:7    | Noticed a caustic shrike
 97369 | Dis:7    | Noticed a caustic shrike
 97379 | Dis:7    | Killed a caustic shrike
 97416 | Dis:7    | Noticed a caustic shrike
 97417 | Dis:7    | Noticed a caustic shrike
 97422 | Dis:7    | Killed a caustic shrike
 97424 | Dis:7    | Killed a caustic shrike
 97425 | Dis:7    | Killed a caustic shrike
 97426 | Dis:7    | Reached skill level 21 in Shapeshifting
 97428 | Dis:7    | Killed a caustic shrike
 97819 | Dis:7    | You pick up a book of Decay and begin reading...
 97902 | Dis:7    | Got Zire's Spellbook of Hypothermia
 98127 | Dis:7    | Got an iron rune of Zot
 98285 | Dis:7    | Noticed Dispater
 98303 | Dis:7    | Killed Dispater
 98355 | Dis:7    | You pick up a book of Unlife and begin reading...
 98355 | Dis:7    | You add the spells Animate Dead and Borgnjor's Vile Clutch
                  | to your library.
 99089 | Pan      | Entered Pandemonium
 99637 | Pan      | Identified the +0 leather armour of Darkness {rPois}
 99772 | Pan      | Noticed Elyes the pandemonium lord
 99779 | Pan      | Killed Elyes the pandemonium lord
 99815 | Pan      | Reached skill level 22 in Shapeshifting
100073 | Pan      | Got a demonic rune of Zot
100314 | Pan      | Upgraded the game from 0.31.0-10-gcf4a605ca0 to
                  | 0.31.0-11-ge490571c62
100314 | Pan      | magus.rc [v1.11.3]
100898 | Pan      | Entered the realm of Mnoleg.
100970 | Pan      | Reached skill level 3 in Fire Magic
101186 | Pan      | Reached skill level 4 in Fire Magic
101188 | Pan      | Noticed Mnoleg
101380 | Pan      | Killed Mnoleg
101391 | Pan      | Got a glowing rune of Zot
101784 | Pan      | Entered the realm of Cerebov.
101811 | Pan      | Reached skill level 1 in Short Blades
101968 | Pan      | Reached skill level 5 in Fire Magic
101969 | Pan      | Reached skill level 2 in Short Blades
102063 | Pan      | Identified the ring of Kuexuen {rC+ Will+ Str+2 Dex+6}
102066 | Pan      | Reached skill level 3 in Short Blades
102254 | Pan      | Identified the +2 great mace "Hoib Xeosm" {distort, *Slow
                  | rN++}
102315 | Pan      | You pick up a book of Spectacle and begin reading...
102345 | Pan      | Learned a level 2 spell: Blink
102351 | Pan      | Learned a level 5 spell: Borgnjor's Vile Clutch
102446 | Pan      | Found the +6 sword of Cerebov {flame}
102446 | Pan      | Noticed Cerebov
102446 | Pan      | Cerebov, Demon Lord of Fire and Steel comes into view. They
                  | are wielding the +6 sword of Cerebov {flame}.
102452 | Pan      | Aim: Cerebov, wielding the +6 sword of Cerebov {flame}
                  | (fast)
102452 | Pan      | Aim: Cerebov, wielding the +6 sword of Cerebov {flame}
                  | (fast)
102455 | Pan      | Aim: Cerebov, wielding the +6 sword of Cerebov {flame}
                  | (moderately wounded, misshapen and mutated, ally target,
                  | 87% to hit)
102455 | Pan      | Aim: Cerebov, wielding the +6 sword of Cerebov {flame}
                  | (moderately wounded, misshapen and mutated, ally target,
                  | 87% to hit)
102457 | Pan      | Aim: Cerebov, wielding the +6 sword of Cerebov {flame}
                  | (moderately wounded, fast, misshapen and mutated)
102457 | Pan      | Aim: Cerebov, wielding the +6 sword of Cerebov {flame}
                  | (moderately wounded, fast, misshapen and mutated)
102461 | Pan      | Aim: Cerebov, wielding the +6 sword of Cerebov {flame}
                  | (moderately wounded, fast, misshapen and mutated, ally
                  | target)
102461 | Pan      | Aim: Cerebov, wielding the +6 sword of Cerebov {flame}
                  | (moderately wounded, fast, misshapen and mutated, ally
                  | target)
102463 | Pan      | Aim: Cerebov, wielding the +6 sword of Cerebov {flame}
                  | (heavily wounded, fast, misshapen and mutated)
102463 | Pan      | Aim: Cerebov, wielding the +6 sword of Cerebov {flame}
                  | (heavily wounded, fast, misshapen and mutated)
102466 | Pan      | Aim: Cerebov, wielding the +6 sword of Cerebov {flame}
                  | (severely wounded, misshapen and mutated, 87% to hit)
102466 | Pan      | Aim: Cerebov, wielding the +6 sword of Cerebov {flame}
                  | (severely wounded, misshapen and mutated, 87% to hit)
102467 | Pan      | Aim: Cerebov, wielding the +6 sword of Cerebov {flame}
                  | (severely wounded, misshapen and mutated, 87% to hit)
102467 | Pan      | Aim: Cerebov, wielding the +6 sword of Cerebov {flame}
                  | (severely wounded, misshapen and mutated, 87% to hit)
102468 | Pan      | Aim: Cerebov, wielding the +6 sword of Cerebov {flame}
                  | (severely wounded, misshapen and mutated)
102468 | Pan      | Aim: Cerebov, wielding the +6 sword of Cerebov {flame}
                  | (severely wounded, misshapen and mutated)
102470 | Pan      | Aim: Cerebov, wielding the +6 sword of Cerebov {flame}
                  | (flame, almost dead, not watching you, more vulnerable to
                  | fire, misshapen and mutated, ally target, 89% to hit)
102471 | Pan      | Aim: Cerebov, wielding the +6 sword of Cerebov {flame}
                  | (flame, almost dead, not watching you, more vulnerable to
                  | fire, misshapen and mutated, ally target, 81% to hit)
102473 | Pan      | Aim: Cerebov, wielding the +6 sword of Cerebov {flame}
                  | (flame, almost dead, fast, not watching you, more
                  | vulnerable to fire, misshapen and mutated, ally target)
102473 | Pan      | Aim: Cerebov, wielding the +6 sword of Cerebov {flame}
                  | (flame, almost dead, fast, not watching you, more
                  | vulnerable to fire, misshapen and mutated, ally target)
102474 | Pan      | Aim: Cerebov, wielding the +6 sword of Cerebov {flame}
                  | (almost dead, fast, more vulnerable to fire, misshapen and
                  | mutated, ally target, 81% to hit)
102475 | Pan      | Aim: Cerebov, wielding the +6 sword of Cerebov {flame}
                  | (flame, almost dead, fast, more vulnerable to fire,
                  | misshapen and mutated, ally target, 81% to hit)
102476 | Pan      | Aim: Cerebov, wielding the +6 sword of Cerebov {flame}
                  | (almost dead, fast, not watching you, more vulnerable to
                  | fire, misshapen and mutated, ally target, 81% to hit)
102476 | Pan      | Aim: Cerebov, wielding the +6 sword of Cerebov {flame}
                  | (almost dead, fast, not watching you, more vulnerable to
                  | fire, misshapen and mutated, ally target, 81% to hit)
102477 | Pan      | Aim: Cerebov, wielding the +6 sword of Cerebov {flame}
                  | (almost dead, fast, not watching you, more vulnerable to
                  | fire, misshapen and mutated, ally target, 81% to hit)
102477 | Pan      | Aim: Cerebov, wielding the +6 sword of Cerebov {flame}
                  | (almost dead, fast, not watching you, more vulnerable to
                  | fire, misshapen and mutated, ally target, 81% to hit)
102478 | Pan      | Aim: Cerebov, wielding the +6 sword of Cerebov {flame}
                  | (almost dead, fast, more vulnerable to fire, misshapen and
                  | mutated, covered in acid, 81% to hit)
102478 | Pan      | Aim: Cerebov, wielding the +6 sword of Cerebov {flame}
                  | (almost dead, fast, more vulnerable to fire, misshapen and
                  | mutated, covered in acid, 81% to hit)
102479 | Pan      | Aim: Cerebov, wielding the +6 sword of Cerebov {flame}
                  | (almost dead, fast, misshapen and mutated, covered in acid,
                  | 81% to hit)
102479 | Pan      | Aim: Cerebov, wielding the +6 sword of Cerebov {flame}
                  | (almost dead, fast, misshapen and mutated, covered in acid,
                  | 81% to hit)
102480 | Pan      | Aim: Cerebov, wielding the +6 sword of Cerebov {flame}
                  | (almost dead, fast, misshapen and mutated, covered in acid,
                  | 81% to hit)
102480 | Pan      | Aim: Cerebov, wielding the +6 sword of Cerebov {flame}
                  | (almost dead, fast, misshapen and mutated, covered in acid,
                  | 81% to hit)
102481 | Pan      | Aim: Cerebov, wielding the +6 sword of Cerebov {flame}
                  | (almost dead, fast, misshapen and mutated, covered in acid)
102481 | Pan      | Aim: Cerebov, wielding the +6 sword of Cerebov {flame}
                  | (almost dead, fast, misshapen and mutated, covered in acid)
102483 | Pan      | Killed Cerebov
102484 | Pan      | Reached skill level 1 in Staves
102484 | Pan      | Reached skill level 1 in Necromancy
102768 | Pan      | You pick up a book of the Senses and begin reading...
102768 | Pan      | You add the spells Mephitic Cloud, Curse of Agony and
                  | Silence to your library.
102799 | Pan      | Identified the +3 helmet "Rouff" {Str+7 Slay-6 SInv Stlth-}
102888 | Pan      | Got a fiery rune of Zot
102916 | Pan      | Reached skill level 4 in Short Blades
102962 | Pan      | Reached skill level 2 in Staves
103065 | Pan      | Reached skill level 6 in Fire Magic
103253 | Pan      | Found a transporter.
103264 | Pan      | Reached skill level 2 in Necromancy
103265 | Pan      | Reached skill level 21 in Fighting
103267 | Pan      | Reached skill level 3 in Staves
103280 | Pan      | Identified the +0 pair of gloves of Wu Jian's Displeasure
                  | {Str-4 Int+4 Dex+2 SInv}
103299 | Pan      | Reached skill level 3 in Necromancy
103571 | Pan      | Reached skill level 4 in Staves
103702 | Pan      | Found a transporter.
103704 | Pan      | You pick up a book of the Moon and begin reading...
103710 | Pan      | You pick up a book of Battle and begin reading...
103722 | Pan      | Identified the amulet "Fohon" {RegenMP ^Drain rElec rPois
                  | Dex+5}
103816 | Pan      | Entered the realm of Lom Lobon.
103816 | Pan      | Noticed Lom Lobon
103826 | Pan      | Killed Lom Lobon
103827 | Pan      | Reached skill level 19 in Spellcasting
103827 | Pan      | Reached skill level 4 in Necromancy
103830 | Pan      | Reached skill level 5 in Staves
103875 | Pan      | Got a magical rune of Zot
104298 | Pan      | Reached skill level 6 in Staves
104324 | Pan      | Reached skill level 5 in Necromancy
104324 | Pan      | Reached skill level 23 in Shapeshifting
105070 | Pan      | Reached skill level 5 in Short Blades
105155 | Pan      | Reached skill level 7 in Fire Magic
105742 | Pan      | Noticed Tiuhy the pandemonium lord
105760 | Pan      | Found an exit through the horrors of the Abyss.
106056 | Pan      | Reached skill level 22 in Fighting
106094 | Pan      | Noticed Gump the pandemonium lord
106175 | Pan      | Reached skill level 6 in Short Blades
106304 | Pan      | Reached skill level 8 in Fire Magic
106358 | Pan      | Entered the realm of Gloorx Vloq.
106913 | Pan      | Reached skill level 9 in Fire Magic
107113 | Pan      | Reached skill level 23 in Fighting
107193 | Pan      | Noticed a curse skull
107195 | Pan      | Killed a curse skull
107231 | Pan      | Reached skill level 10 in Fire Magic
107524 | Pan      | Reached skill level 11 in Fire Magic
107530 | Pan      | Identified the -2 cloak "Juikef" {rN+ Will+ Int+3}
107553 | Pan      | Noticed a curse skull
107554 | Pan      | Killed a curse skull
107779 | Pan      | Noticed Gloorx Vloq
108108 | Pan      | Killed Gloorx Vloq
108109 | Pan      | Reached skill level 12 in Fire Magic
108234 | Pan      | Got a dark rune of Zot
108411 | Pan      | Reached skill level 13 in Fire Magic
108602 | Pan      | magus.rc [v1.11.3]
109097 | Pan      | Reached skill level 14 in Fire Magic
109260 | Pan      | Noticed Kulad the pandemonium lord
109263 | Pan      | Killed Kulad the pandemonium lord
109529 | Pan      | Reached skill level 15 in Fire Magic
109674 | Depths:1 | You pass through the gate.
109674 | Depths:1 | Escaped Pandemonium
109676 | Depths:1 | magus.rc [v1.11.3]
110480 | D:10     | magus.rc [v1.11.3]
111377 | Hell     | Learned a level 9 spell: Fire Storm
111378 | Coc:1    | Entered Level 1 of Cocytus
111643 | Coc:2    | Reached skill level 5 in Evocations
111649 | Coc:2    | Paralysed by a wendigo for 1 turns
111877 | Coc:3    | Reached skill level 6 in Evocations
112298 | Coc:5    | Reached skill level 7 in Evocations
112316 | Coc:5    | Reached skill level 16 in Fire Magic
112373 | Coc:5    | Reached skill level 8 in Evocations
112662 | Coc:6    | Reached skill level 17 in Conjurations
113012 | Coc:7    | Entered Level 7 of Cocytus
113092 | Coc:7    | Reached skill level 9 in Evocations
113220 | Coc:7    | Reached skill level 17 in Fire Magic
113247 | Coc:7    | Reached skill level 18 in Conjurations
113286 | Coc:7    | Paralysed by a wendigo for 1 turns
113495 | Coc:7    | Reached skill level 10 in Evocations
114409 | Coc:7    | magus.rc [v1.11.3]
114465 | Coc:7    | Reached skill level 11 in Evocations
114500 | Coc:7    | Reached skill level 18 in Fire Magic
114623 | Coc:7    | Noticed Antaeus
114674 | Coc:7    | Gained mutation: You are clumsy. (Dex -2) [mutagenic glow]
115190 | Coc:7    | Found the +10 zealot's sword {holy, Zealotry, *Rage rN+
                  | EV+3}
115200 | Coc:7    | Identified the +2 double sword "Atsevysk" {flame, *Rage
                  | rElec Str+8 Stlth+}
115201 | Coc:7    | z - the +2 double sword "Atsevysk" {flame, *Rage rElec
                  | Str+8 Stlth+, rare}
115213 | Coc:7    | You pick up a book of Dreams and begin reading...
115228 | Coc:7    | Identified the +3 spear "Z" {holy, Dex+2}
115234 | Coc:7    | Got the Spellbook of Transportation
115421 | Coc:7    | magus.rc [v1.11.3]
115594 | Coc:7    | Killed Antaeus
115595 | Coc:7    | Reached skill level 19 in Conjurations
115666 | Coc:7    | Identified the staff of Disaster {rF++ rCorr Str-2 Conj
                  | Ice}
115671 | Coc:7    | Got an icy rune of Zot
115679 | Coc:7    | Identified the +0 pair of gloves of the Vaults {-Tele
                  | Str+5}
116196 | D:10     | You drop the +2 double sword "Atsevysk" {flame, *Rage rElec
                  | Str+8 Stlth+, rare}.
116209 | D:10     | Lost mutation: You are vulnerable to cold. (rC-) [potion of
                  | mutation]
116209 | D:10     | Lost mutation: You are partially covered in iridescent
                  | scales. (AC +2) [potion of mutation]
116209 | D:10     | Gained mutation: You occasionally lose the ability to drink
                  | potions when taking damage. [potion of mutation]
116209 | D:10     | Gained mutation: Armour fits poorly on your strangely
                  | shaped body. [potion of mutation]
116209 | D:10     | Gained mutation: Your muscles are very strong. (Str +8,
                  | Int/Dex -2) [potion of mutation]
116210 | D:10     | Lost mutation: Armour fits poorly on your strangely shaped
                  | body. [potion of mutation]
116210 | D:10     | Lost mutation: You occasionally lose the ability to drink
                  | potions when taking damage. [potion of mutation]
116210 | D:10     | Lost mutation: You are clumsy. (Dex -2) [potion of
                  | mutation]
116210 | D:10     | Gained mutation: You are vulnerable to cold. (rC-) [potion
                  | of mutation]
116210 | D:10     | Gained mutation: You are robust. (+10% HP) [potion of
                  | mutation]
116210 | D:10     | Gained mutation: You are strong-willed. (Will+) [potion of
                  | mutation]
116211 | D:10     | Lost mutation: You passively map a small area around you.
                  | [potion of mutation]
116211 | D:10     | Lost mutation: Your muscles are very strong. (Str +8,
                  | Int/Dex -2) [potion of mutation]
116211 | D:10     | Gained mutation: You are very robust. (+20% HP) [potion of
                  | mutation]
116211 | D:10     | Gained mutation: You are highly strong-willed. (Will++)
                  | [potion of mutation]
116211 | D:10     | Gained mutation: You are partially covered in iridescent
                  | scales. (AC +2) [potion of mutation]
116211 | D:10     | Gained mutation: You have a pair of small antennae on your
                  | head. [potion of mutation]
116212 | D:10     | Lost mutation: Your muscles are strong. (Str +4, Int/Dex
                  | -1) [potion of mutation]
116212 | D:10     | Lost mutation: You are highly strong-willed. (Will++)
                  | [potion of mutation]
116212 | D:10     | Lost mutation: You are very robust. (+20% HP) [potion of
                  | mutation]
116212 | D:10     | Lost mutation: You have a pair of small antennae on your
                  | head. [potion of mutation]
116212 | D:10     | Gained mutation: You have a pair of small horns on your
                  | head. [potion of mutation]
116213 | D:10     | Lost mutation: You are robust. (+10% HP) [potion of
                  | mutation]
116213 | D:10     | Lost mutation: You have a pair of small horns on your head.
                  | [potion of mutation]
116213 | D:10     | Gained mutation: You have a pair of small horns on your
                  | head. [potion of mutation]
116213 | D:10     | Gained mutation: You are robust. (+10% HP) [potion of
                  | mutation]
116582 | Zig:1    | Entered Level 1 of a ziggurat
116602 | Zig:2    | Entered Level 2 of a ziggurat
116636 | Zig:2    | Acquired 981 gold pieces
116641 | Zig:3    | Entered Level 3 of a ziggurat
116675 | Zig:4    | Entered Level 4 of a ziggurat
116697 | Zig:4    | Identified the +7 rapier "Dragonbane" {freeze, rC+ Dex+3}
116711 | Zig:5    | Entered Level 5 of a ziggurat
116717 | Zig:5    | Noticed a juggernaut
116719 | Zig:5    | Killed a juggernaut
116764 | Zig:5    | Identified the +5 ring mail of the Miller {Str+4}
116789 | Zig:6    | Entered Level 6 of a ziggurat
116925 | Zig:6    | Identified the ring "Numnoabe" {Ice MP+9 Str+6}
116930 | Zig:6    | Identified the +10 dagger "Conservator" {freeze, ^Fragile
                  | rC++ MP+9}
116971 | Zig:7    | Entered Level 7 of a ziggurat
117000 | Zig:7    | Identified the +6 great sword "Wyirausk" {flame, rF+ Int+6
                  | Dex+3}
117005 | Zig:7    | You pick up a book of Spatial Translocations and begin
                  | reading...
117011 | Zig:7    | Identified the amulet of Knowledge {RegenMP rF+ Will+}
117030 | Zig:7    | Identified the +1 spear of Nemmuqux {flame, SInv}
117037 | Zig:8    | Entered Level 8 of a ziggurat
117044 | Zig:8    | Noticed a dread lich
117047 | Zig:8    | Killed a dread lich
117153 | Zig:8    | You pick up a book of Transmutation and begin reading...
117155 | Zig:8    | Identified the +7 demon trident of Mourning {flame, rC+
                  | Will+}
117157 | Zig:8    | Got the Book of the Catalyst
117158 | Zig:8    | Identified the staff of Macris {rPois Dex+2 Alchemy}
117161 | Zig:8    | Got the Elucidation of Locality and Kindling
117163 | Zig:8    | You pick up a book of Power and begin reading...
117169 | Zig:9    | Entered Level 9 of a ziggurat
117199 | Zig:9    | Identified the +9 orcbow "Uxedeul" {heavy, rC+ Will+ Str+5
                  | Dex+3}
117214 | Zig:9    | Identified the ring of Piofog {Fire Will+}
117240 | Zig:9    | Learned a level 1 spell: Apportation
117250 | Zig:10   | Entered Level 10 of a ziggurat
117285 | Zig:10   | Identified the +4 sling of the Spider Nest {freeze, rF-
                  | Str+4}
117287 | Zig:10   | You pick up a book of Blood and begin reading...
117288 | Zig:10   | Identified the staff "Killer Klown's Doom" {rPois rN+
                  | Stlth+ Summ Necro Ice}
117292 | Zig:10   | Identified the maw talisman "Ocy Ytaa" {rElec rPois Int-4
                  | Dex+3}
117294 | Zig:10   | Identified the +1 trident of the Ancient Thickets {venom,
                  | rElec rN+ rCorr MP-9}
117299 | Zig:11   | Entered Level 11 of a ziggurat
117312 | Zig:11   | Identified a potion of experience
117345 | Zig:11   | Identified the +2 robe "Mamol" {+Blink}
117347 | Zig:11   | Identified the staff of Evil {rC+ Tloc Ice}
117349 | Zig:11   | You pick up a book of Frost and begin reading...
117357 | Zig:11   | Reached skill level 11 in Throwing
117359 | Zig:11   | You pick up a book of Battle and begin reading...
117365 | Zig:12   | Entered Level 12 of a ziggurat
117377 | Zig:12   | Reached skill level 13 in Armour
117418 | Zig:12   | Identified the +0 quarterstaff of the World {flame, rC+
                  | rCorr}
117441 | Zig:12   | Identified the +4 spear "Gaotai" {protect, Str+2}
117444 | Zig:13   | Entered Level 13 of a ziggurat
117488 | Zig:13   | Found the +7 great mace "Undeadhunter" {deathbane, rN+}
117496 | Zig:13   | Identified the ring "Zaew" {Int+2 Dex+6 Stlth+}
117499 | Zig:13   | Identified the ring of Gaameep {rF+ Will+ rCorr Slay+3}
117507 | Zig:13   | Identified the +8 trident "Feonil" {flame, *Rage rF++
                  | Will++}
117524 | Zig:14   | Entered Level 14 of a ziggurat
117538 | Zig:14   | Reached skill level 16 in Shields
117574 | Zig:14   | You pick up a book of Unlife and begin reading...
117579 | Zig:14   | You add the spells Shock and Disjunction to your library.
117579 | Zig:14   | Got Sif Muna's Quarto of Puissant Correspondence
117583 | Zig:14   | Reached skill level 12 in Throwing
117583 | Zig:14   | Reached skill level 19 in Fire Magic
117587 | Zig:14   | Reached skill level 13 in Throwing
117601 | Zig:14   | magus.rc [v1.11.3]
117608 | Zig:15   | Entered Level 15 of a ziggurat
117625 | Zig:15   | Found the amulet of the Four Winds {rN+ Will+++ Clar}
117639 | Zig:15   | You pick up a book of Weapons and begin reading...
117645 | Zig:15   | Identified the +0 arbalest of the Volcano {drain, rF+ rC+
                  | Dex-4 Stlth+}
117648 | Zig:15   | Identified the +1 broad axe of Destiny {freeze, rPois}
117685 | Zig:16   | Entered Level 16 of a ziggurat
117697 | Zig:16   | Reached skill level 24 in Fighting
117702 | Zig:16   | Reached skill level 20 in Conjurations
117705 | Zig:16   | Reached skill level 15 in Dodging
117720 | Zig:16   | Got the Notes on Heat
117725 | Zig:16   | Identified the +3 trident "Grim Tooth" {elec, rElec Str+2}
117729 | Zig:16   | Identified the +0 leather armour "Xismuyb" {Will+ Dex+3
                  | Slay+5 Stlth-}
117731 | Zig:16   | Identified the +1 pair of gloves of Ekoiv {-Tele Str+4
                  | Dex+3}
117743 | Zig:16   | You add the spells Arcjolt, Malign Gateway and Summon
                  | Horrible Things to your library.
117743 | Zig:16   | Got the Volume of the Flock and Vapour
117747 | Zig:16   | You pick up a book of Cantrips and begin reading...
117750 | Zig:16   | Reached skill level 20 in Spellcasting
117760 | Zig:17   | Entered Level 17 of a ziggurat
117836 | Zig:17   | You pick up a book of Misfortune and begin reading...
117840 | Zig:17   | Identified the staff of Bol Wowo {rN+ MP-9 Str+5 Stlth+
                  | Necro}
117844 | Zig:17   | Identified the +3 hand axe of Urgency {flame, rF+ Dex+2}
117847 | Zig:17   | You pick up a book of Hexes and begin reading...
117851 | Zig:17   | Identified the +9 short sword of the Cursing Saviour
                  | {venom, rCorr Dex+3}
117852 | Zig:17   | Identified the +7 orcbow "Jode" {heavy, rF+ Dex+4}
117854 | Zig:17   | Got the Precepts of the Foremost Planets
117878 | Zig:18   | Entered Level 18 of a ziggurat
117901 | Zig:18   | Reached skill level 17 in Shields
117977 | Zig:18   | Found the +5 glaive of the Guard {elec, spectral}
117993 | Zig:18   | Identified the ring "Ykeon" {rPois rC+ Int+3 Dex+6}
117999 | Zig:18   | You pick up a book of Spontaneous Combustion and begin
                  | reading...
118011 | Zig:18   | Identified the +1 flail of the Evil Eye {drain, *Corrode
                  | rN+ Will+ Int+2}
118029 | Zig:19   | Entered Level 19 of a ziggurat
118049 | Zig:19   | Reached skill level 14 in Throwing
118073 | Zig:19   | You pick up a book of Decay and begin reading...
118074 | Zig:19   | Identified the ring of Darchist {rPois rN+ Int+6}
118201 | Zig:20   | Entered Level 20 of a ziggurat
118208 | Zig:20   | Noticed a curse skull
118211 | Zig:20   | Killed a curse skull
118211 | Zig:20   | Noticed Suikiutuiv's ghost (adept GrEE)
118212 | Zig:20   | Reached skill level 25 in Fighting
118212 | Zig:20   | Noticed a curse toe
118212 | Zig:20   | Noticed a curse toe
118215 | Zig:20   | Noticed a curse skull
118215 | Zig:20   | Noticed Suikiutuiv's ghost (adept GrEE)
118217 | Zig:20   | Killed Suikiutuiv's ghost
118217 | Zig:20   | Killed a curse skull
118217 | Zig:20   | Noticed a curse skull
118218 | Zig:20   | Killed a curse toe
118218 | Zig:20   | Killed a curse skull
118218 | Zig:20   | Noticed Pagapt's ghost (legendary HOMo)
118219 | Zig:20   | Reached skill level 20 in Fire Magic
118219 | Zig:20   | Noticed a curse toe
118220 | Zig:20   | Noticed Anihuhunn's ghost (adept GrEE)
118220 | Zig:20   | Noticed a curse toe
118221 | Zig:20   | Killed a curse toe
118221 | Zig:20   | Noticed a curse skull
118222 | Zig:20   | Noticed a curse skull
118223 | Zig:20   | Killed a curse skull
118223 | Zig:20   | Killed a curse skull
118223 | Zig:20   | Noticed Suikiutuiv's ghost (adept GrEE)
118224 | Zig:20   | Killed Anihuhunn's ghost
118226 | Zig:20   | Killed Suikiutuiv's ghost
118233 | Zig:20   | Identified the +4 arbalest "Logguumext" {speed, rF++}
118235 | Zig:21   | Entered Level 21 of a ziggurat
118419 | Zig:21   | Reached skill level 21 in Conjurations
118424 | Zig:21   | Reached skill level 16 in Dodging
118495 | Zig:21   | You pick up a book of Blasting and begin reading...
118498 | Zig:21   | You pick up a book of the Wilderness and begin reading...
118499 | Zig:21   | Identified the +0 plate armour "Suonait" {rF+ Str+2}
118500 | Zig:21   | Identified the ring of the Harvest {rElec rF- Int+4 Dex+6
                  | Stlth+}
118505 | Zig:21   | Identified the +1 ring mail of the Accordion {*Corrode +Inv
                  | rElec Will+}
118510 | Zig:21   | You pick up a book of Air and begin reading...
118512 | Zig:21   | You add the spells Sigil of Binding and Haunt to your
                  | library.
118512 | Zig:21   | Got Sif Muna's Vellum of the Cunning Mausoleum
118525 | Zig:21   | Identified the +2 falchion of Bunoat {holy, rC++ Int+2
                  | Stlth+}
118532 | Zig:21   | Reached skill level 15 in Throwing
118569 | Zig:22   | Entered Level 22 of a ziggurat
118585 | Zig:22   | Reached skill level 21 in Spellcasting
118585 | Zig:22   | Reached skill level 21 in Fire Magic
118626 | Zig:22   | Found the +5 scythe "Finisher" {speed, execute}
118632 | Zig:22   | Identified the +3 flail of Exquisite Death {freeze, +Blink}
118637 | Zig:22   | You pick up a book of the Moon and begin reading...
118642 | Zig:22   | Got Geogekh's Elucidation of Electric Interference
118652 | Zig:22   | Identified the ring "Quck" {rElec rPois rN+++ Str+6 Dex-4}
118661 | Zig:22   | You pick up a book of Power and begin reading...
118663 | Zig:22   | Identified the +1 falchion "Casad" {drain, rPois Will+}
118665 | Zig:22   | Got the Handbook of Reagents and the Lungs
118690 | Zig:22   | Acquired 784 gold pieces
118696 | Zig:23   | Entered Level 23 of a ziggurat
118718 | Zig:23   | Reached skill level 14 in Armour
118746 | Zig:23   | You pick up a book of the Senses and begin reading...
118754 | Zig:23   | Identified the ring of Serhue {Fire ^Drain rPois rN+ Dex+3}
118755 | Zig:23   | Identified the ring "Zankes" {Str+6 SInv}
118756 | Zig:23   | Identified the ring of Zixtiori {rC+ Str+3 Dex+2 Slay-6}
118774 | Zig:23   | You pick up a book of Misfortune and begin reading...
118783 | Zig:23   | You pick up a book of Lightning and begin reading...
118812 | Zig:24   | Entered Level 24 of a ziggurat
118827 | Zig:24   | Reached skill level 22 in Conjurations
118833 | Zig:24   | Reached skill level 16 in Throwing
118889 | Zig:24   | Identified the +2 scale mail of Koazoet {Rampage rElec
                  | Regen+}
118899 | Zig:24   | Got the Guidebook on Pyromania
118928 | Zig:24   | Identified the +10 short sword "Ellyff" {speed, ^Fragile
                  | rF+ Will+ Int+7}
118934 | Zig:24   | Identified the +0 dagger of Conscience {freeze, rPois
                  | Stlth+}
118935 | Zig:24   | Identified the +5 sling of Shame {heavy, Will+}
118950 | Zig:24   | Got the Anthology of Lethal Lithomancy
119010 | Zig:25   | Entered Level 25 of a ziggurat
119026 | Zig:25   | Reached skill level 15 in Armour
119033 | Zig:25   | Reached skill level 22 in Fire Magic
119090 | Zig:25   | Identified the +5 plate armour of Wrong Decisions {Will+}
119096 | Zig:25   | Identified the +5 shortbow "Vyed" {drain, rC+ Str-3 Int+5
                  | Dex+3}
119098 | Zig:25   | Identified the +2 buckler of Ymenticw {Dex+3}
119100 | Zig:25   | Identified the +1 great mace of Misery {speed, rF+ Str+6}
119104 | Zig:25   | Identified the ring "Ipsy" {Fly Int+6}
119153 | Zig:26   | Entered Level 26 of a ziggurat
119160 | Zig:26   | Paralysed by an air elemental for 1 turns
119162 | Zig:26   | Paralysed by an air elemental for 1 turns
119165 | Zig:26   | Reached skill level 1 in Translocations
119168 | Zig:26   | Reached skill level 2 in Translocations
119170 | Zig:26   | Reached skill level 16 in Armour
119170 | Zig:26   | Reached skill level 3 in Translocations
119171 | Zig:26   | Reached skill level 23 in Conjurations
119171 | Zig:26   | Reached skill level 4 in Translocations
119174 | Zig:26   | Reached skill level 17 in Armour
119264 | Zig:26   | Identified the +1 shortbow "Conservator" {flame, +Blink
                  | Str-5 Int+3}
119266 | Zig:26   | Identified the +3 rapier of Somewhere Else {venom, Dex+5}
119268 | Zig:26   | Identified the +5 robe "Ehefane" {rN+ Int+4}
119269 | Zig:26   | Identified the +4 war axe "X" {heavy, rPois rC+}
119272 | Zig:26   | You pick up a book of Winter and begin reading...
119278 | Zig:26   | You pick up a book of Unlife and begin reading...
119280 | Zig:26   | Identified the ring of the Trout {Fire rPois rN+ Str+2
                  | Int-2}
119285 | Zig:26   | Got the Annotations on the Evil Valley
119287 | Zig:26   | Identified the ring "Jofutocy" {Str+3 Int+2 Dex+3 SInv}
119291 | Zig:26   | You pick up a book of Spontaneous Combustion and begin
                  | reading...
119293 | Zig:26   | Got the Meditations on Arcane Weapons
119310 | Zig:27   | Entered Level 27 of a ziggurat
119322 | Zig:27   | Reached skill level 18 in Armour
119324 | Zig:27   | Reached skill level 23 in Fire Magic
119329 | Zig:27   | Reached skill level 7 in Short Blades
119545 | Zig:27   | Identified the +5 falchion "Olyemp" {freeze, rElec rF-
                  | Int+3}
119549 | Zig:27   | Got Spellcasting in Simple Steps
119554 | Zig:27   | Identified the +7 fire dragon scales "Pysk" {*Slow rPois
                  | rF++ rC- Regen+}
119557 | Zig:27   | Identified the staff of the Blushing Coward {rPois rN+
                  | Necro}
119564 | Zig:27   | Identified the +0 cloak of Ruvvakeg {Will- Str+6}
119569 | Zig:27   | You pick up a book of the Spheres and begin reading...
120666 | Geh:1    | Entered Level 1 of Gehenna
120809 | Geh:1    | Reached skill level 8 in Short Blades
120864 | Geh:1    | Reached skill level 18 in Shields
121112 | Geh:2    | Reached skill level 19 in Armour
121156 | Geh:2    | Reached skill level 9 in Short Blades
121169 | Geh:2    | Reached skill level 26 in Fighting
121679 | Geh:3    | Reached skill level 19 in Shields
121754 | Geh:3    | Reached skill level 10 in Short Blades
122197 | Geh:5    | Reached skill level 11 in Short Blades
122386 | Geh:6    | Reached skill level 20 in Shields
122488 | Geh:6    | Noticed an ancient lich
122490 | Geh:6    | Killed an ancient lich
122491 | Geh:6    | Reached skill level 27 in Fighting
122681 | Geh:6    | Reached skill level 20 in Armour
122776 | Geh:7    | Entered Level 7 of Gehenna
122800 | Geh:7    | Reached skill level 21 in Armour
123732 | Geh:7    | You pick up a book of Conjurations and begin reading...
123735 | Geh:7    | Identified the +4 triple crossbow of Uskayaw's Benevolence
                  | {flame, Str+4 Dex+2}
123743 | Geh:7    | Reached skill level 8 in Stealth
123747 | Geh:7    | HP: 24/218 [Brimstone Fiend/damnation (42)]
124069 | Geh:7    | magus.rc [v1.11.3]
124650 | Geh:7    | Got an obsidian rune of Zot
124669 | Geh:7    | Found the +13 sceptre of Asmodeus
124669 | Geh:7    | Asmodeus, Prince of Gehenna comes into view. He is wielding
                  | the +13 sceptre of Asmodeus.
124669 | Geh:7    | Noticed Asmodeus
124675 | Geh:7    | Here: Asmodeus, wielding the +13 sceptre of Asmodeus
                  | (surrounded by flames)
124675 | Geh:7    | Here: Asmodeus, wielding the +13 sceptre of Asmodeus
                  | (surrounded by flames)
124675 | Geh:7    | magus.rc [v1.11.3]
124675 | Geh:7    | magus.rc [v1.11.3]
124689 | Geh:7    | Aim: Asmodeus, wielding the +13 sceptre of Asmodeus (black
                  | smoke, lightly wounded, surrounded by flames)
124689 | Geh:7    | Aim: Asmodeus, wielding the +13 sceptre of Asmodeus (black
                  | smoke, lightly wounded, surrounded by flames)
124690 | Geh:7    | Aim: Asmodeus, wielding the +13 sceptre of Asmodeus
                  | (lightly wounded, surrounded by flames)
124690 | Geh:7    | Aim: Asmodeus, wielding the +13 sceptre of Asmodeus
                  | (lightly wounded, surrounded by flames)
124696 | Geh:7    | Aim: Asmodeus, wielding the +13 sceptre of Asmodeus (lava,
                  | moderately wounded, surrounded by flames)
124696 | Geh:7    | Aim: Asmodeus, wielding the +13 sceptre of Asmodeus (lava,
                  | moderately wounded, surrounded by flames)
124900 | Geh:7    | You pick up a book of Death and begin reading...
125716 | Geh:7    | Aim: Asmodeus, wielding the +13 sceptre of Asmodeus
                  | (surrounded by flames)
125716 | Geh:7    | Aim: Asmodeus, wielding the +13 sceptre of Asmodeus
                  | (surrounded by flames)
125719 | Geh:7    | Aim: Asmodeus, wielding the +13 sceptre of Asmodeus (flame,
                  | lightly wounded, surrounded by flames, ally target, 91% to
                  | hit)
125719 | Geh:7    | Aim: Asmodeus, wielding the +13 sceptre of Asmodeus (flame,
                  | lightly wounded, surrounded by flames, ally target, 91% to
                  | hit)
125720 | Geh:7    | Aim: Asmodeus, wielding the +13 sceptre of Asmodeus
                  | (lightly wounded, surrounded by flames, ally target, 91% to
                  | hit)
125720 | Geh:7    | Aim: Asmodeus, wielding the +13 sceptre of Asmodeus
                  | (lightly wounded, surrounded by flames, ally target, 91% to
                  | hit)
125721 | Geh:7    | Aim: Asmodeus, wielding the +13 sceptre of Asmodeus
                  | (moderately wounded, surrounded by flames, ally target, 91%
                  | to hit)
125721 | Geh:7    | Aim: Asmodeus, wielding the +13 sceptre of Asmodeus
                  | (moderately wounded, surrounded by flames, ally target, 91%
                  | to hit)
125722 | Geh:7    | Aim: Asmodeus, wielding the +13 sceptre of Asmodeus
                  | (heavily wounded, surrounded by flames, ally target, 91% to
                  | hit)
125722 | Geh:7    | Aim: Asmodeus, wielding the +13 sceptre of Asmodeus
                  | (heavily wounded, surrounded by flames, ally target, 91% to
                  | hit)
125723 | Geh:7    | Aim: Asmodeus, wielding the +13 sceptre of Asmodeus
                  | (severely wounded, surrounded by flames, 91% to hit)
125723 | Geh:7    | Aim: Asmodeus, wielding the +13 sceptre of Asmodeus
                  | (severely wounded, surrounded by flames, 91% to hit)
125724 | Geh:7    | Aim: Asmodeus, wielding the +13 sceptre of Asmodeus (almost
                  | dead, surrounded by flames, 91% to hit)
125724 | Geh:7    | Aim: Asmodeus, wielding the +13 sceptre of Asmodeus (almost
                  | dead, surrounded by flames, 91% to hit)
125724 | Geh:7    | Killed Asmodeus
125725 | Geh:7    | Reached skill level 9 in Stealth
126374 | D:10     | magus.rc [v1.11.3]
127582 | Tar:1    | Entered Level 1 of Tartarus
128140 | Tar:2    | Reached skill level 22 in Armour
128166 | Tar:2    | Reached skill level 10 in Stealth
128667 | Tar:4    | Noticed an ancient lich
128670 | Tar:4    | Killed an ancient lich
128671 | Tar:4    | Reached skill level 24 in Conjurations
128680 | Tar:4    | Reached skill level 22 in Spellcasting
128835 | Tar:4    | Learned a level 4 spell: Passage of Golubria
129022 | Tar:5    | Reached skill level 6 in Necromancy
129714 | Tar:6    | Reached skill level 7 in Necromancy
130014 | Tar:7    | Entered Level 7 of Tartarus
130033 | Tar:7    | Reached skill level 8 in Necromancy
130402 | Tar:7    | Reached skill level 9 in Necromancy
130730 | Tar:7    | Identified the +10 trident "Zuplaur" {freeze, rElec rF-
                  | Str+3 SInv}
130986 | Tar:7    | Reached skill level 10 in Necromancy
131014 | Tar:7    | Noticed a dread lich
131020 | Tar:7    | Killed a dread lich
131080 | Tar:7    | Noticed a dread lich
131083 | Tar:7    | Killed a dread lich
131126 | Tar:7    | Reached skill level 11 in Necromancy
131219 | Tar:7    | Reached skill level 12 in Necromancy
131277 | Tar:7    | Noticed the Serpent of Hell
131287 | Tar:7    | Killed the Serpent of Hell
131439 | Tar:7    | You pick up a book of Party Tricks and begin reading...
131440 | Tar:7    | Identified the +0 leather armour of Joov {rC- Will+ Slay+2}
131517 | Tar:7    | Identified the ring of Joifiwag {Ice *Slow Fly Int+3}
131521 | Tar:7    | Got the Anthology of Moving Misery
131523 | Tar:7    | Identified the ring "Fuuhidi" {rElec MP+9 SInv Stlth+}
131598 | Tar:7    | Reached skill level 13 in Necromancy
131659 | Tar:7    | Noticed a dread lich
131663 | Tar:7    | Killed a dread lich
131685 | Tar:7    | Noticed an ancient lich
131687 | Tar:7    | Killed an ancient lich
131725 | Tar:7    | Identified the +1 flail "Jaareom" {speed, Fly rCorr Str-5
                  | Int+4}
131726 | Tar:7    | Identified the +12 long sword of the Singing Gods {freeze,
                  | rElec rC+ Will- Str+3}
131956 | Tar:7    | Noticed Ereshkigal
131964 | Tar:7    | Killed Ereshkigal
131965 | Tar:7    | Reached skill level 14 in Necromancy
132361 | Tar:7    | Got a bone rune of Zot
132717 | D:10     | magus.rc [v1.11.3]
132917 | Tomb:1   | Entered Level 1 of the Tomb of the Ancients
133086 | Tomb:1   | Learned a level 8 spell: Borgnjor's Revivification
133676 | Tomb:1   | magus.rc [v1.11.3]
133759 | Tomb:1   | magus.rc [v1.11.3]
134514 | Tomb:1   | Noticed a royal mummy
134517 | Tomb:1   | Killed a royal mummy
134518 | Tomb:1   | Reached skill level 15 in Necromancy
134588 | Tomb:1   | Noticed a royal mummy
134591 | Tomb:1   | Killed a royal mummy
134732 | Tomb:1   | Noticed a royal mummy
134735 | Tomb:1   | Killed a royal mummy
134741 | Tomb:1   | Noticed a royal mummy
134746 | Tomb:1   | Killed a royal mummy
134762 | Tomb:1   | Noticed a royal mummy
134767 | Tomb:1   | Killed a royal mummy
134774 | Tomb:1   | Noticed a royal mummy
134775 | Tomb:1   | Killed a royal mummy
135266 | Tomb:1   | Noticed a royal mummy
135269 | Tomb:1   | Killed a royal mummy
135350 | Tomb:1   | Noticed a royal mummy
135353 | Tomb:1   | Killed a royal mummy
135354 | Tomb:1   | Noticed a royal mummy
135358 | Tomb:1   | Killed a royal mummy
135564 | Tomb:2   | Noticed a royal mummy
135568 | Tomb:2   | Killed a royal mummy
135569 | Tomb:2   | Reached skill level 16 in Necromancy
135573 | Tomb:2   | Noticed a royal mummy
135575 | Tomb:2   | Killed a royal mummy
135577 | Tomb:2   | Noticed a royal mummy
135578 | Tomb:2   | Noticed a royal mummy
135581 | Tomb:2   | Killed a royal mummy
135582 | Tomb:2   | Killed a royal mummy
135651 | Tomb:2   | Reached skill level 17 in Necromancy
135989 | Tomb:3   | Entered Level 3 of the Tomb of the Ancients
136003 | Tomb:3   | Reached skill level 18 in Necromancy
136010 | Tomb:3   | Noticed a royal mummy
136012 | Tomb:3   | Killed a royal mummy
136012 | Tomb:3   | Noticed a royal mummy
136012 | Tomb:3   | Noticed a royal mummy
136015 | Tomb:3   | Killed a royal mummy
136015 | Tomb:3   | Killed a royal mummy
136015 | Tomb:3   | Noticed a royal mummy
136015 | Tomb:3   | Noticed a royal mummy
136016 | Tomb:3   | Noticed a royal mummy
136016 | Tomb:3   | Killed a royal mummy
136017 | Tomb:3   | Reached skill level 19 in Necromancy
136017 | Tomb:3   | Killed a royal mummy
136018 | Tomb:3   | Killed a royal mummy
136018 | Tomb:3   | Noticed a royal mummy
136019 | Tomb:3   | Killed a royal mummy
136020 | Tomb:3   | Noticed a royal mummy
136020 | Tomb:3   | Noticed a royal mummy
136022 | Tomb:3   | Killed a royal mummy
136023 | Tomb:3   | Killed a royal mummy
136033 | Tomb:3   | Found the +9 sword of Zonguldrok {reap}
136068 | Tomb:3   | Got the Parchment of Contaminated Guile
136082 | Tomb:3   | Identified the +5 glaive of Haef {drain, ^Fragile rN+
                  | rCorr}
136085 | Tomb:3   | Identified the staff "Roisil" {rN+ Will+ SInv Necro
                  | Alchemy}
136091 | Tomb:3   | Identified the +6 trident of Gloom {freeze, rF+}
136093 | Tomb:3   | Identified the +8 halberd of the Grim God {spect, Int+3
                  | SInv}
136101 | Tomb:3   | You pick up a book of Lightning and begin reading...
136112 | Tomb:3   | Identified the +3 dagger of Fortitude {protect, +Blink rC+
                  | Will+ Dex-2}
136114 | Tomb:3   | Got Sif Muna's Spellbook of Fog and the Gift
136115 | Tomb:3   | Identified the +7 quarterstaff of the Shark {freeze, rF+
                  | rC- Will+ rCorr}
136116 | Tomb:3   | Identified the +2 scale mail of Xismaomu {rPois rC+}
136196 | Tomb:3   | Identified the +4 spear of Wubropi {spect, *Slow rElec rF+}
136339 | Tomb:3   | Identified the +1 lajatang of Destiny {drain, ^Fragile rC+
                  | Dex+2}
136401 | Tomb:3   | Got a golden rune of Zot
136405 | Tomb:3   | You pick up a book of the Spheres and begin reading...
136930 | Zot:5    | Got the Orb of Zot
136993 | Zot:3    | Noticed Vateh the pandemonium lord
137032 | Zot:1    | Noticed Laqoc Iwahu the pandemonium lord
137047 | Zot:1    | Killed Laqoc Iwahu the pandemonium lord
137417 | D:7      | Reached skill level 20 in Necromancy
137615 | D:$      | Escaped with the Orb!

Vanquished Creatures
  Cerebov (Pan)
  Antaeus (Coc:7)
  Asmodeus (Geh:7)
  Mnoleg (Pan)
  the Royal Jelly (Slime:5)
  Ereshkigal (Tar:7)
  Gloorx Vloq (Pan)
  Lom Lobon (Pan)
  the Serpent of Hell (Tar:7)
  12 dread liches
  3 pandemonium lords
  Dispater (Dis:7)
  Khufu (Crypt:3)
  8 ancient liches
  2 orbs of fire (Zot:5)
  7 juggernauts
  Mennas (Depths:3)
  Bai Suzhen (Vaults:4)
  17 royal mummies
  Vashnia (Snake:2)
  33 shard shrikes
  Vv (Depths:3)
  3 Killer Klowns (Zot:5)
  4 curse toes
  Margery (Vaults:2)
  20 caustic shrikes
  Saint Roka (Elf:2)
  Geryon (Hell)
  10 golden dragons
  Norris (Vaults:2)
  Jory (Crypt:2)
  Nikola (Lair:2)
  the Enchantress (Depths:3)
  27 bone dragons
  11 Tzitzimimeh
  3 profane servitors
  2 shard shrike zombies
  The ghost of Anihuhunn the Metallomancer, an adept GrEE of Vehumet (Zig:20)
  15 Brimstone Fiends
  5 electric golems
  18 doom hounds
  25 tentacled monstrosities
  Jorgrun (Elf:2)
  6 iron giants
  26 Ice Fiends
  The ghost of Suikiutuiv the Metallomancer, an adept GrEE of Sif Muna (Zig:20)
  The ghost of Suikiutuiv the Metallomancer, an adept GrEE of Sif Muna (Zig:20)
  9 hellephants
  14 Hell Sentinels
  18 tainted leviathans
  9 deep elf blademasters
  2 walking crystal tomes (Depths:3)
  Zenata (Crypt:3)
  11 deep elf master archers
  3 walking frostbound tomes
  10 liches
  28 Orb Guardians
  4 quicksilver dragons
  3 spectral shard shrikes
  15 titans
  Murray (Hell)
  25 acid blobs
  19 searing wretches
  3 walking divine tomes
  28 Executioners (Pan)
  41 ancient champions
  8 death cobs
  3 tentacled starspawn (Abyss:4)
  6 tengu reavers
  8 sphinxes
  5 shadow dragons
  14 storm dragons
  5 revenants
  23 fire giants
  39 narguns
  3 fenstrider witches
  10 draconian monks
  9 demonspawn warmongers (Pan)
  26 nagarajas
  21 rockslimes
  39 azure jellies
  15 draconian knights
  10 protean progenitors
  11 quicksilver elementals
  5 deep elf sorcerers
  11 shard shrike simulacra
  14 draconian shifters
  3 emperor scorpions (Zig:22)
  17 draconian scorchers
  10 ghost moths
  4 orc warlords
  8 iron dragons
  3 deep elf elementalists (Elf:3)
  14 vault wardens
  26 frost giants
  An angel (Abyss:4)
  10 curse skulls
  53 balrugs
  12 draconian stormcallers
  16 cacodemons
  13 demonspawn blood saints (Pan)
  2 ghouls (Crypt:1)
  3 caustic shrike zombies
  22 stone giants
  A spectral caustic shrike (Tar:4)
  14 quicksilver oozes
  9 very ugly things
  4 spriggan defenders (Depths:3)
  11 demonspawn corrupters (Pan)
  7 ironbound thunderhulks
  38 reapers
  2 ophanim (Abyss:4)
  4 juggernaut skeletons (Pan)
  15 draconian annihilators
  A broodmother (Zig:22)
  14 ironbound preservers
  20 putrid mouths
  7 formless jellyfish
  12 green draconians
  8 vampire knights
  5 caustic shrike skeletons (Pan)
  15 deep elf demonologists
  20 red draconians
  12 black draconians
  19 elemental wellsprings
  12 demonspawn black suns
  40 war gargoyles
  19 deep elf annihilators
  An eleionoma (Zig:13)
  12 bennus
  12 purple draconians
  4 dire elephants (Vaults:1)
  8 spark wasps
  13 lorocyprocas
  A spectral titan (Tar:3)
  10 deep elf death magi
  14 white draconians
  12 yellow draconians
  A bunyip (Zig:13)
  A minotaur (Gauntlet)
  The ghost of Irhican the Severer, a journeyman MiBe of Trog (Lair:3)
  23 eidola
  39 wendigos
  11 iron golems
  8 green deaths
  24 blizzard demons
  20 merfolk javelineers
  15 ettins
  Josephine (Lair:4)
  9 jiangshi
  29 merfolk impalers
  A quicksilver dragon zombie (Tomb:1)
  12 deep elf high priests
  A spectral iron giant (Tar:1)
  24 yaktaur captains
  The ghost of Reubyar the Impaler, a journeyman MiBe of Trog (Lair:2)
  3 spectral spriggans
  A shambling mangrove (Zig:13)
  22 mummy priests
  A spriggan skeleton (Tomb:1)
  9 rakshasas
  10 fire dragons
  9 entropy weavers
  10 great orbs of eyes
  13 ice dragons
  35 vault guards
  8 hydras
  27 stokers
  2 peacekeepers
  12 juggernaut simulacra
  2 ghost crabs (Zig:20)
  8 merfolk avatars
  6 hell beasts (Pan)
  3 alligators (Zig:13)
  8 ironbound frosthearts
  2 ogre magi
  7 spriggan air magi (Depths:3)
  3 radroaches (Zig:22)
  20 caustic shrike simulacra
  3 jorogumos (Zig:22)
  36 salamander tyrants
  8 anacondas
  2 catoblepae (Lair:2)
  9 centaur warriors
  2 death knights
  5 boulder beetles
  8 tengu warriors
  A sphinx zombie (Vaults:3)
  22 merfolk aquamancers
  8 two-headed ogres
  40 dancing weapons
  4 alligator snapping turtles
  2 satyrs
  2 deep troll shamans (Depths:2)
  2 deep troll earth magi
  56 hell hogs
  A spectral stone giant (Tar:3)
  62 death scarabs
  14 death yaks
  23 naga warriors
  26 demonic crawlers
  An occultist (Depths:3)
  10 vampire magi
  A thrashing horror (Abyss:3)
  A titan zombie (Tomb:3)
  14 deep elf knights
  9 shock serpents
  26 naga sharpshooters
  2 titan skeletons
  16 hell knights
  4 wretched stars (Abyss:4)
  28 soul eaters
  A spectral dire elephant (Tar:7)
  11 orc high priests
  6 spriggan berserkers
  A shock serpent (shapeshifter) (Zig:11)
  8 spriggans
  14 salamander mystics
  6 hellephant skeletons
  89 sun demons
  10 crystal echidnas
  Sonja (Lair:5)
  3 pharaoh ants (Zig:22)
  25 shadow wraiths
  5 skysharks
  Lodul (D:11)
  3 iron trolls
  10 spectral anacondas
  A goliath frog (shapeshifter) (Vaults:5)
  A deep troll (shapeshifter) (D:15)
  8 glowing orange brains
  22 sea snakes
  23 sixfirhies
  44 skeletal warriors
  8 flayed ghosts
  3 kraken simulacra (Coc:7)
  2 goliath frogs
  8 shadow demons (Pan)
  8 quicksilver dragon simulacra
  11 sun moths
  2 cherubim (Abyss:4)
  A swamp dragon (shapeshifter) (D:15)
  14 naga ritualists
  An orb spider (Zig:22)
  15 deep elf archers
  10 mana vipers
  18 deep trolls
  A spectral iron dragon (Tar:1)
  A spriggan druid (Zig:13)
  7 spriggan simulacra
  A sun moth (shapeshifter) (Vaults:5)
  3 swamp dragons
  14 lindwurms
  5 necromancers
  14 ironbound convokers
  6 arcanists
  A spectral hydra (Tar:1)
  2 steelbarb worms (Zig:22)
  An orange crystal statue (Depths:2)
  An iron dragon zombie (Tomb:3)
  A wolf spider (shapeshifter) (Crypt:2)
  5 phantasmal warriors
  29 deep elf pyromancers
  12 shining eyes
  10 orc sorcerers
  A lightning spire (Zot:2)
  36 deep elf zephyrmancers
  A steelbarb worm (shapeshifter) (Vaults:5)
  3 anaconda skeletons
  26 orc knights
  8 wolf spiders
  A shadow dragon skeleton (Depths:2)
  16 harpies
  31 salamanders
  A sphinx simulacrum (Zig:25)
  8 cyclopes
  53 ugly things
  A spectral ettin (Tar:3)
  3 oklob plants
  18 manticores
  A faun (Zig:12)
  An alligator skeleton (Crypt:3)
  20 elephants
  A worldbinder (Abyss:4)
  29 moths of wrath
  4 meliai
  13 merfolk sirens
  A spectral centaur (Tar:1)
  36 large abominations
  A dire elephant zombie (Crypt:3)
  2 stone giant skeletons
  94 slime creatures
  15 vault sentinels
  5 guardian serpents
  33 water nymphs
  A shock serpent zombie (Crypt:2)
  8 rust devils
  The ghost of Stirner the Trooper, a novice BaWr (D:4)
  5 ice statues
  A dire elephant skeleton (Tomb:2)
  62 black mambas
  6 kobold blastminers
  11 titan simulacra
  3 molten gargoyles (Hell)
  15 cane toads
  42 smoke demons
  4 eyes of devastation
  A storm dragon simulacrum (Zig:25)
  2 unseen horrors
  26 naga magi
  18 orange demons
  A gargoyle (D:11)
  An iron dragon skeleton (Tomb:2)
  27 hellions
  5 torpor snails
  A shock serpent skeleton (Crypt:2)
  11 rime drakes
  A red draconian zombie (Crypt:3)
  11 freezing wraiths
  50 yaktaurs
  10 komodo dragons
  21 tormentors
  An unseen horror zombie (Crypt:3)
  6 anaconda simulacra
  A bunyip simulacrum (Coc:1)
  A spectral naga (Tar:1)
  2 ancient zymes (Abyss:4)
  5 tengu conjurers
  A yellow draconian skeleton (Crypt:1)
  A kobold demonologist (D:9)
  5 efreet (Pan)
  4 red devils (Pan)
  A silent spectre (Tar:6)
  A white draconian skeleton (Crypt:3)
  A queen bee (D:8)
  3 spectral harpies
  A golden dragon simulacrum (Coc:2)
  48 guardian mummies
  14 trolls
  6 ice devils
  A harpy zombie (Tomb:2)
  3 tyrant leeches (Zig:13)
  4 polar bears
  A shadow dragon simulacrum (Crypt:3)
  42 merfolk
  24 hellwings (Pan)
  14 wind drakes
  A tarantella (shapeshifter) (Vaults:5)
  3 tarantellas (Zig:22)
  A hornet (shapeshifter) (Elf:3)
  12 hornets
  Grinder (D:5)
  11 blink frogs
  A stone giant simulacrum (Coc:4)
  12 snapping turtles
  5 iron dragon simulacra
  A raiju (shapeshifter) (Depths:2)
  6 glass eyes
  2 spectral black mambas (Tar:1)
  A harpy skeleton (Abyss:4)
  An ice dragon zombie (Crypt:3)
  An ettin zombie (Tomb:1)
  8 air elementals
  2 jumping spiders (Zig:22)
  5 culicivoras (Zig:22)
  4 naga simulacra
  10 dire elephant simulacra
  2 shadows (D:10)
  A culicivora (shapeshifter) (Depths:3)
  5 vampires
  15 wraiths
  A yak (shapeshifter) (Depths:3)
  An orc simulacrum (Coc:1)
  21 ynoxinuls
  12 ushabtiu
  5 fire elementals
  2 black mamba skeletons
  3 humans (D:13)
  18 wyverns
  45 yaks
  25 water elementals
  17 golden eyes
  6 starcursed masses
  3 steam dragons
  12 wargs
  Grum (D:11)
  10 neqoxecs (Pan)
  10 basilisks
  4 redbacks
  12 vampire mosquitoes
  23 chaos spawn
  50 nagas
  5 hydra simulacra
  3 small abominations
  19 harpy simulacra
  29 water moccasins
  2 acid dragons
  Duvessa (D:4)
  A hell hound (Lair:3)
  2 glowing shapeshifter skeletons
  5 ice beasts
  47 orc warriors
  A snapping turtle zombie (Crypt:3)
  2 swamp drakes (Lair:5)
  2 black mamba simulacra
  33 laughing skulls
  A blink frog zombie (Crypt:1)
  A hornet zombie (Crypt:2)
  29 ogres
  30 wolves
  7 ettin simulacra
  5 boggarts (Vaults:1)
  11 centaurs
  3 weeping skulls
  A hog skeleton (Crypt:2)
  3 phantoms
  2 gnoll sergeants
  A human zombie (Vaults:3)
  2 kobold brigands
  4 bullfrogs
  2 scorpions
  A necrophage (Crypt:1)
  A komodo dragon skeleton (Crypt:1)
  3 earth elementals
  A cane toad simulacrum (IceCv)
  8 wights
  Dowan (D:4)
  2 elephant simulacra (IceCv)
  16 killer bees
  3 electric eels
  2 howler monkeys (D:5)
  6 jellies
  A centaur zombie (Crypt:1)
  A bombardier beetle (D:3)
  3 bullfrog zombies (Ossuary)
  6 hounds
  3 bullfrog skeletons
  33 orc priests
  2 centaur skeletons
  An iron imp (Abyss:1)
  A gnoll bouda (D:8)
  4 iguanas
  56 mummies
  A sleepcap (D:6)
  25 orc wizards
  13 hell rats
  A polar bear simulacrum (IceCv)
  2 wolf simulacra (IceCv)
  4 crocodile zombies (Ossuary)
  2 naga zombies
  An ogre skeleton (Crypt:2)
  3 hound zombies (Ossuary)
  6 howler monkey zombies (Ossuary)
  22 gnolls
  6 adders
  2 shadow imps
  16 white imps
  2 ufetubi (D:6)
  A lava snake skeleton (Crypt:3)
  2 dart slugs
  4 ribbon worms
  97 orcs
  7 endoplasms
  3 giant cockroaches
  9 hobgoblins
  3 jackals (D:2)
  3 quokkas
  7 ball pythons
  5 ball python zombies (Ossuary)
  3 bats
  4 frilled lizards
  10 goblins
  A hobgoblin skeleton (Crypt:1)
  18 kobolds
  11 rats
  A rat skeleton (Crypt:1)
  12 aspiring fleshes
  8 boulders
  9 creeping infernos
  6 fire vortices
  4 starspawn tentacles (Abyss:4)
4957 creatures vanquished.

Vanquished Creatures (collateral kills)
  A dread lich (Tar:7)
  6 royal mummies
  A profane servitor (Crypt:3)
  2 Ice Fiends
  A deep elf master archer (Zig:26)
  A titan (Zig:25)
  A sphinx (Tomb:1)
  An ancient champion (Tomb:1)
  A spectral juggernaut (Tar:3)
  A cacodemon (Pan)
  A broodmother (Zig:22)
  A formless jellyfish (Zig:23)
  2 black draconians (Zig:14)
  A deep elf death mage (Zig:20)
  An ettin (Pan)
  An eidolon (Tar:3)
  A spectral iron giant (Tar:3)
  A spectral spriggan (Tar:3)
  A merfolk impaler (Shoals:4)
  A sixfirhy (Pan)
  A slime creature (Zig:23)
  A bunyip simulacrum (Tomb:1)
  A rime drake (Zig:21)
  A tyrant leech (Zig:13)
  A golden eye (Zig:23)
  A neqoxec (Pan)
  7 mummies
  57 boulders
97 creatures vanquished.

Vanquished Creatures (others)
  4 eldritch tentacles (Pan)
  A balrug (Pan)
  A red draconian (Zig:18)
  4 vault guards (D:13)
  A stoker (Geh:7)
  A naga warrior (Snake:1)
  A water nymph (Shoals:4)
  A titan simulacrum (Zig:25)
  3 humans (D:13)
  A chaos spawn (Pan)
  A small abomination (Abyss:4)
  3 ball lightnings (Pan)
  43 boulders
  330 fire vortices
  5 starspawn tentacles
400 creatures vanquished.

Grand Total: 5454 creatures vanquished

Table legend:
 A = Non-vault XP
 B = Vault XP
 C = Vault XP percentage of total XP
 D = Non-vault monster count
 E = Vault monster count
 F = Vault count percentage of total count
                 A         B        C        D         E       F
            +---------+---------+-------+---------+---------+-------
      Total | 2285582 | 1630383 |  41.6 |    3205 |    1722 |  35.0
            +---------+---------+-------+---------+---------+-------
        D:1 |      57 |      10 |  14.9 |      26 |       8 |  23.5
        D:2 |      59 |      12 |  16.9 |      28 |       4 |  12.5
        D:3 |     203 |       0 |   0.0 |      11 |       0 |   0.0
        D:4 |     229 |     782 |  77.3 |      17 |       7 |  29.2
        D:5 |     431 |     401 |  48.2 |      14 |       6 |  30.0
        D:6 |    1154 |       0 |   0.0 |      29 |       0 |   0.0
        D:7 |    1150 |       0 |   0.0 |      23 |       0 |   0.0
        D:8 |    1023 |    2174 |  68.0 |      25 |      19 |  43.2
        D:9 |     962 |       0 |   0.0 |      10 |       0 |   0.0
       D:10 |    1710 |     810 |  32.1 |      13 |      18 |  58.1
       D:11 |    2544 |    3542 |  58.2 |      14 |      37 |  72.5
       D:12 |    6533 |       0 |   0.0 |      19 |       0 |   0.0
       D:13 |   10618 |    2729 |  20.4 |      25 |       6 |  19.4
       D:14 |   19463 |       0 |   0.0 |      39 |       0 |   0.0
       D:15 |   14530 |    4671 |  24.3 |      35 |       9 |  20.5
     Lair:1 |    5830 |     542 |   8.5 |      26 |       1 |   3.7
     Lair:2 |    7923 |    9246 |  53.9 |      34 |      24 |  41.4
     Lair:3 |   11603 |    6554 |  36.1 |      36 |      26 |  41.9
     Lair:4 |   10547 |    4218 |  28.6 |      27 |      11 |  28.9
     Lair:5 |   13162 |   14659 |  52.7 |      29 |      54 |  65.1
   Shoals:1 |     911 |       0 |   0.0 |       1 |       0 |   0.0
   Shoals:2 |    4299 |    1161 |  21.3 |       9 |       2 |  18.2
   Shoals:3 |    8879 |       0 |   0.0 |      16 |       0 |   0.0
   Shoals:4 |   14455 |   27316 |  65.4 |      30 |      51 |  63.0
    Snake:1 |   14689 |    1513 |   9.3 |      36 |       4 |  10.0
    Snake:2 |   25642 |   12102 |  32.1 |      46 |      14 |  23.3
    Snake:3 |   16284 |       0 |   0.0 |      30 |       0 |   0.0
    Snake:4 |   14119 |   22377 |  61.3 |      25 |      33 |  56.9
    Slime:1 |    8230 |       0 |   0.0 |      16 |       0 |   0.0
    Slime:2 |    7950 |       0 |   0.0 |      16 |       0 |   0.0
    Slime:3 |   17611 |   11744 |  40.0 |      21 |      11 |  34.4
    Slime:4 |    1394 |       0 |   0.0 |       1 |       0 |   0.0
    Slime:5 |    2451 |   21588 |  89.8 |       3 |      13 |  81.2
      Orc:1 |    2755 |       0 |   0.0 |      32 |       0 |   0.0
      Orc:2 |    3404 |   10813 |  76.1 |      29 |      55 |  65.5
      Elf:1 |   18779 |    3244 |  14.7 |      28 |       5 |  15.2
      Elf:2 |   15862 |   10917 |  40.8 |      23 |      21 |  47.7
      Elf:3 |    9149 |   31881 |  77.7 |      17 |      27 |  61.4
   Vaults:1 |   18625 |   23312 |  55.6 |      28 |      36 |  56.2
   Vaults:2 |   22034 |   18745 |  46.0 |      35 |      17 |  32.7
   Vaults:3 |   20578 |   26343 |  56.1 |      29 |      38 |  56.7
   Vaults:4 |   24072 |   17708 |  42.4 |      39 |      21 |  35.0
   Vaults:5 |   26790 |   89778 |  77.0 |      44 |      75 |  63.0
    Crypt:1 |   26883 |   20539 |  43.3 |      41 |      24 |  36.9
    Crypt:2 |   20023 |   10812 |  35.1 |      39 |      21 |  35.0
    Crypt:3 |   15737 |   45840 |  74.4 |      21 |      45 |  68.2
     Tomb:1 |    9877 |   54832 |  84.7 |      30 |      55 |  64.7
     Tomb:2 |    6773 |   43607 |  86.6 |      14 |      57 |  80.3
     Tomb:3 |   15894 |   89206 |  84.9 |      30 |      91 |  75.2
   Depths:1 |   19332 |    2554 |  11.7 |      23 |       4 |  14.8
   Depths:2 |   45329 |   17262 |  27.6 |      53 |      19 |  26.4
   Depths:3 |   21877 |   88169 |  80.1 |      32 |      66 |  67.3
   Depths:4 |   16853 |   17214 |  50.5 |      17 |      16 |  48.5
       Hell |   26599 |   26107 |  49.5 |      32 |      36 |  52.9
      Dis:1 |    7549 |       0 |   0.0 |       8 |       0 |   0.0
      Dis:2 |   20771 |       0 |   0.0 |      12 |       0 |   0.0
      Dis:3 |    1113 |       0 |   0.0 |       2 |       0 |   0.0
      Dis:6 |   16922 |       0 |   0.0 |       9 |       0 |   0.0
      Dis:7 |   35975 |  123389 |  77.4 |      21 |      83 |  79.8
      Geh:1 |   15542 |       0 |   0.0 |      18 |       0 |   0.0
      Geh:2 |   19179 |   16674 |  46.5 |      21 |      14 |  40.0
      Geh:3 |    8295 |       0 |   0.0 |       8 |       0 |   0.0
      Geh:4 |   15455 |       0 |   0.0 |      17 |       0 |   0.0
      Geh:5 |   13652 |       0 |   0.0 |      14 |       0 |   0.0
      Geh:6 |   23699 |       0 |   0.0 |      12 |       0 |   0.0
      Geh:7 |   10207 |   81738 |  88.9 |       9 |      64 |  87.7
      Coc:1 |   12315 |       0 |   0.0 |      21 |       0 |   0.0
      Coc:2 |    9335 |       0 |   0.0 |      19 |       0 |   0.0
      Coc:3 |   14175 |       0 |   0.0 |      18 |       0 |   0.0
      Coc:4 |    8956 |       0 |   0.0 |      17 |       0 |   0.0
      Coc:5 |   39965 |       0 |   0.0 |      31 |       0 |   0.0
      Coc:6 |   33566 |       0 |   0.0 |      32 |       0 |   0.0
      Coc:7 |   37114 |  110355 |  74.8 |      32 |      81 |  71.7
      Tar:1 |   15589 |    4143 |  21.0 |      17 |       5 |  22.7
      Tar:2 |   12407 |       0 |   0.0 |       7 |       0 |   0.0
      Tar:3 |   17247 |       0 |   0.0 |      18 |       0 |   0.0
      Tar:4 |    9127 |   10989 |  54.6 |       7 |       9 |  56.2
      Tar:5 |   12754 |       0 |   0.0 |       8 |       0 |   0.0
      Tar:6 |   23742 |       0 |   0.0 |      17 |       0 |   0.0
      Tar:7 |   20792 |  129696 |  86.2 |      16 |      70 |  81.4
      Zot:1 |   28470 |    2071 |   6.8 |      26 |       2 |   7.1
      Zot:2 |   24368 |    7589 |  23.7 |      23 |       5 |  17.9
      Zot:3 |   51927 |   11925 |  18.7 |      46 |      10 |  17.9
      Zot:4 |   11828 |       0 |   0.0 |      10 |       0 |   0.0
      Zot:5 |   55768 |  117589 |  67.8 |      47 |      43 |  47.8
    Abyss:1 |    2055 |       0 |   0.0 |       7 |       0 |   0.0
    Abyss:3 |    5998 |       0 |   0.0 |       9 |       0 |   0.0
    Abyss:4 |   29214 |   10815 |  27.0 |      45 |       9 |  16.7
    Abyss:5 |    2216 |       0 |   0.0 |       1 |       0 |   0.0
        Pan |  292978 |  192321 |  39.6 |     378 |     182 |  32.5
      Zig:1 |    1031 |       0 |   0.0 |       2 |       0 |   0.0
      Zig:2 |    2217 |       0 |   0.0 |       3 |       0 |   0.0
      Zig:3 |    2735 |       0 |   0.0 |       4 |       0 |   0.0
      Zig:4 |    4145 |       0 |   0.0 |       4 |       0 |   0.0
      Zig:5 |    9189 |       0 |   0.0 |       4 |       0 |   0.0
      Zig:6 |    8195 |       0 |   0.0 |       7 |       0 |   0.0
      Zig:7 |    8452 |       0 |   0.0 |      14 |       0 |   0.0
      Zig:8 |   12949 |       0 |   0.0 |       9 |       0 |   0.0
      Zig:9 |   10625 |       0 |   0.0 |      12 |       0 |   0.0
     Zig:10 |   12729 |       0 |   0.0 |      22 |       0 |   0.0
     Zig:11 |   14938 |       0 |   0.0 |      21 |       0 |   0.0
     Zig:12 |   17888 |       0 |   0.0 |      21 |       0 |   0.0
     Zig:13 |   18259 |    6483 |  26.2 |      25 |       8 |  24.2
     Zig:14 |   24158 |       0 |   0.0 |      21 |       0 |   0.0
     Zig:15 |   25062 |       0 |   0.0 |      39 |       0 |   0.0
     Zig:16 |   28861 |       0 |   0.0 |      21 |       0 |   0.0
     Zig:17 |   23123 |       0 |   0.0 |      63 |       0 |   0.0
     Zig:18 |   34831 |       0 |   0.0 |      31 |       0 |   0.0
     Zig:19 |   37999 |       0 |   0.0 |      45 |       0 |   0.0
     Zig:20 |   31387 |       0 |   0.0 |      25 |       0 |   0.0
     Zig:21 |   50570 |       0 |   0.0 |      40 |       0 |   0.0
     Zig:22 |   48909 |       0 |   0.0 |      67 |       0 |   0.0
     Zig:23 |   41094 |       0 |   0.0 |      50 |       0 |   0.0
     Zig:24 |   41033 |       0 |   0.0 |      74 |       0 |   0.0
     Zig:25 |   62684 |       0 |   0.0 |      47 |       0 |   0.0
     Zig:26 |   65398 |       0 |   0.0 |      76 |       0 |   0.0
     Zig:27 |   52986 |       0 |   0.0 |      89 |       0 |   0.0
    Ossuary |       0 |     575 | 100.0 |       0 |      26 | 100.0
      IceCv |       0 |    3063 | 100.0 |       0 |      14 | 100.0
   Gauntlet |       0 |    3934 | 100.0 |       0 |      10 | 100.0
            +---------+---------+-------+---------+---------+-------

Skill      XL: |  1  2  3  4  5  6  7  8  9 10 11 12 13 14 15 16 17 18 19 20 21 22 23 24 25 26 27 |
---------------+----------------------------------------------------------------------------------+-----
Fighting       | 1 2 3 4 6 8 11 13 14 15 16 17 18 19 27 | 27.0
Stealth        | 3 4 5 6 7 10 | 10.0
Earth Magic    | 4 5 6 8 10 13 14 15 16 17 18 19 23 27 | 27.0
Conjurations   | 2 3 4 5 6 8 9 11 12 13 15 16 24 | 24.0
Spellcasting   | 4 6 9 10 12 13 15 16 17 18 22 | 22.0
Armour         | 2 4 5 6 7 8 10 12 22 | 22.0
Dodging        | 2 3 5 7 8 10 11 12 14 16 | 16.0
Shields        | 5 9 13 15 20 | 20.0
Evocations     | 3 4 11 | 11.0
Hexes          | 3 4 5 |  5.0
Alchemy        | 3 4 5 6 7 |  7.0
Fire Magic     | 2 23 | 23.0
Shapeshifting  | 1 5 10 23 | 23.0
Throwing       | 6 10 16 | 16.0
Short Blades   | 11 | 11.0
Staves         | 6 |  6.0
Necromancy     | 20 | 20.0
Translocations | 4 |  4.0

Action                     |  1- 3 |  4- 6 |  7- 9 | 10-12 | 13-15 | 16-18 | 19-21 | 22-24 | 25-27 || total
---------------------------+-------+-------+-------+-------+-------+-------+-------+-------+-------++-------
  Melee: Spear             |       |     1 |    11 |       |       |       |       |       |       ||    12
         Dagger            |       |       |     2 |    45 |   139 |    93 |     6 |    19 |   210 ||   514
         Punch             |       |       |       |       |     1 |       |       |       |       ||     1
         Headbutt          |       |       |       |       |       |       |       |       |    34 ||    34
         Staff             |       |       |       |       |       |       |       |       |     9 ||     9
  Throw: Stone             |       |       |       |     2 |     3 |       |       |       |       ||     5
         Dart              |       |       |       |       |     3 |       |     5 |       |     7 ||    15
         Javelin           |       |       |       |       |       |       |       |       |    21 ||    21
         Throwing net      |       |       |       |       |       |       |       |       |     1 ||     1
   Cast: Sandblast         |    60 |    79 |    65 |    35 |   166 |    23 |    26 |       |       ||   454
         Stone Arrow       |       |    10 |   134 |   327 |   297 |    50 |    73 |     9 |   576 ||  1476
         Brom's Barrelling |       |       |       |    72 |    57 |    21 |     1 |       |       ||   151
         Lee's Rapid Decon |       |       |       |    14 |   130 |   239 |   326 |   135 |   504 ||  1348
         Bombard           |       |       |       |       |   147 |   395 |   303 |    90 |    69 ||  1004
         Iskenderun's Batt |       |       |       |       |    78 |    11 |    19 |     6 |   144 ||   258
         Irradiate         |       |       |       |       |       |    25 |    31 |    22 |   173 ||   251
         Yara's Violent Un |       |       |       |       |       |    21 |    36 |     8 |    77 ||   142
         Lehudib's Crystal |       |       |       |       |       |       |       |   171 |   682 ||   853
         Shatter           |       |       |       |       |       |       |       |   177 |   974 ||  1151
         Fire Storm        |       |       |       |       |       |       |       |       |   242 ||   242
         Borgnjor's Vile C |       |       |       |       |       |       |       |       |   139 ||   139
         Blink             |       |       |       |       |       |       |       |       |    12 ||    12
Ability: Begin Untransform |       |       |       |       |       |       |       |       |     4 ||     4
  Evoke: Wand              |       |       |     1 |     8 |     6 |     1 |     2 |     2 |    80 ||   100
         Lightning rod     |       |       |       |       |     2 |       |     3 |     3 |    39 ||    47
         Phantom mirror    |       |       |       |       |       |       |     1 |     1 |     6 ||     8
         Condenser vane    |       |       |       |       |       |       |       |     1 |     1 ||     2
         Horn of Geryon    |       |       |       |       |       |       |       |       |     7 ||     7
         Box of beasts     |       |       |       |       |       |       |       |       |     7 ||     7
    Use: Potion            |       |     1 |       |     1 |       |       |     6 |     2 |    68 ||    78
         Scroll            |       |     3 |     5 |     7 |    10 |    14 |     9 |     2 |    51 ||   101
   Stab: Distracted        |       |       |       |       |       |       |       |       |     1 ||     1
         Paralysed         |       |       |       |       |       |       |       |       |     3 ||     3
 Armour: Robe              |     3 |     8 |    13 |    82 |   206 |   213 |    93 |       |       ||   618
         Leather armour    |       |       |    22 |    18 |       |       |       |       |       ||    40
         Skin              |       |       |       |    23 |       |       |       |       |    22 ||    45
         Ring mail         |       |       |       |       |       |       |   112 |   165 |   923 ||  1200
         Fire dragon scale |       |       |       |       |       |       |       |       |    57 ||    57
  Dodge: Dodged            |     6 |    11 |    78 |   237 |   408 |   239 |    92 |    55 |   630 ||  1756
  Block: Buckler           |       |       |       |       |    24 |    81 |       |       |       ||   105
         Kite shield       |       |       |       |       |       |    54 |   156 |    84 |   899 ||  1193
   Form: Death             |       |       |       |       |       |       |       |       |     5 ||     5

Illustrated notes

Table legend:
 A = Kills in this place as a percentage of kills in the entire game.
 B = Kills by you in this place as a percentage of kills by you in the entire game.
 C = Kills by friends in this place as a percentage of kills by friends in the entire game.
 D = Other kills in this place as a percentage of other kills in the entire game.
 E = Experience gained in this place as a percentage of experience gained in the entire game.
 F = Experience gained in this place divided by the number of levels of this place that you have seen.
                   A       B       C       D       E      F
               +-------+-------+-------+-------+-------+----------------------
         Total | 100.0 | 100.0 | 100.0 | 100.0 | 100.0 | 28573.5
       Dungeon |   9.0 |   9.1 |   0.0 |   0.0 |   2.0 | 5359.3
          Lair |   5.4 |   5.5 |   0.0 |   0.0 |   2.1 | 16856.8
        Shoals |   2.2 |   2.2 |   2.5 |  16.7 |   1.4 | 14255.2
     Snake Pit |   3.8 |   3.8 |   0.0 |  16.7 |   2.7 | 26681.5
    Slime Pits |   1.6 |   1.7 |   0.0 |   0.0 |   1.8 | 14193.6
  Orcish Mines |   2.3 |   2.4 |   0.0 |   0.0 |   0.4 | 8486.0
   Elven Halls |   2.4 |   2.5 |   0.0 |   0.0 |   2.3 | 29944.0
        Vaults |   7.3 |   7.4 |   0.0 |   0.0 |   7.3 | 57597.0
         Crypt |   3.9 |   3.9 |   2.5 |   0.0 |   3.5 | 46611.3
          Tomb |   5.6 |   5.3 |  40.0 |   0.0 |   5.6 | 73396.3
        Depths |   4.9 |   4.9 |   0.0 |   0.0 |   6.0 | 59597.0
          Hell |   1.4 |   1.4 |   0.0 |   0.0 |   1.3 | 52706.0
           Dis |   2.7 |   2.8 |   0.0 |   0.0 |   5.2 | 41143.8
       Gehenna |   3.6 |   3.6 |   0.0 |  16.7 |   5.2 | 29205.9
       Cocytus |   5.1 |   5.1 |   2.5 |   0.0 |   6.7 | 37968.7
      Tartarus |   3.5 |   3.4 |  12.5 |   0.0 |   6.5 | 36640.9
           Zot |   4.4 |   4.5 |   0.0 |   0.0 |   8.2 | 64865.0
         Abyss |   1.4 |   1.4 |   0.0 |  16.7 |   1.3 | 8383.0
   Pandemonium |  11.3 |  11.3 |  10.0 |  16.7 |  12.3 | 32353.3
      Ziggurat |  17.1 |  17.0 |  30.0 |  16.7 |  17.7 | 25849.3
       Ossuary |   0.5 |   0.5 |   0.0 |   0.0 |   0.0 | 575.0
      Ice Cave |   0.3 |   0.3 |   0.0 |   0.0 |   0.1 | 3063.0
      Gauntlet |   0.2 |   0.2 |   0.0 |   0.0 |   0.1 | 3934.0
               +-------+-------+-------+-------+-------+----------------------

Table legend: (Time is in decaauts)
 A = Elapsed time spent in this place.
 B = Non-inter-level travel time spent in this place.
 C = Inter-level travel time spent in this place.
 D = Time resting spent in this place.
 E = Time spent auto-exploring this place.
 F = Levels seen in this place.
 G = Mean time per level.
                   A        B        C        D        E       F      G
               +--------+--------+--------+--------+--------+-----+--------+
         Total | 138007 | 119274 |  18733 |  35254 |  49806 | 138 | 1000.1 |
       Dungeon |  33586 |  24360 |   9226 |   4826 |  15189 |  15 | 2239.1 |
        Temple |     34 |      2 |     32 |      0 |      0 |   1 |   34.0 |
          Lair |  18935 |  16947 |   1988 |   7129 |   6595 |   5 | 3787.0 |
        Shoals |   1699 |   1652 |     47 |    231 |    698 |   4 |  424.8 |
     Snake Pit |   5760 |   5496 |    264 |   1428 |   2937 |   4 | 1440.0 |
    Slime Pits |    516 |    511 |      5 |      0 |      0 |   5 |  103.2 |
  Orcish Mines |   3599 |   2990 |    609 |    637 |   1813 |   2 | 1799.5 |
   Elven Halls |   1301 |   1160 |    141 |     63 |      0 |   3 |  433.7 |
        Vaults |  10512 |   9143 |   1369 |   1089 |   6298 |   5 | 2102.4 |
         Crypt |   1082 |    963 |    119 |    113 |      0 |   3 |  360.7 |
          Tomb |   3632 |   3397 |    235 |   1038 |    968 |   3 | 1210.7 |
        Depths |  12621 |   9399 |   3222 |   2908 |   4929 |   4 | 3155.2 |
          Hell |    863 |    586 |    277 |     80 |    318 |   1 |  863.0 |
           Dis |   4621 |   4445 |    176 |   1864 |    956 |   5 |  924.2 |
       Gehenna |   5393 |   5315 |     78 |   1900 |   1616 |   7 |  770.4 |
       Cocytus |   4535 |   4378 |    157 |   1993 |   1087 |   7 |  647.9 |
      Tartarus |   4794 |   4567 |    227 |   1396 |   1404 |   7 |  684.9 |
           Zot |   7376 |   6819 |    557 |   2267 |   3261 |   5 | 1475.2 |
         Abyss |   1100 |   1100 |      0 |    497 |     10 |   6 |  183.3 |
   Pandemonium |  10523 |  10523 |      0 |   3991 |    127 |  15 |  701.5 |
      Ziggurat |   2999 |   2999 |      0 |    840 |    659 |  27 |  111.1 |
         Trove |     86 |     86 |      0 |      0 |     58 |   1 |   86.0 |
       Ossuary |   1209 |   1209 |      0 |    636 |    329 |   1 | 1209.0 |
      Ice Cave |    476 |    476 |      0 |    250 |     83 |   1 |  476.0 |
      Gauntlet |    745 |    745 |      0 |     75 |    468 |   1 |  745.0 |
               +--------+--------+--------+--------+--------+-----+--------+

Top non-repeatable levels by time:
    D:15: 4380 daAuts
  Lair:2: 4236 daAuts
  Lair:3: 3958 daAuts
Depths:3: 3728 daAuts
  Lair:5: 3669 daAuts
   Dis:7: 3669 daAuts
  Lair:4: 3597 daAuts
Depths:1: 3586 daAuts
  Lair:1: 3473 daAuts
   Geh:7: 3286 daAuts
    D:10: 3213 daAuts
     D:8: 3203 daAuts
Depths:2: 3000 daAuts
    D:13: 2972 daAuts
Vaults:4: 2919 daAuts
